Map: Mar Sara Wastes (7v7 Melee Map)

Players

Metasapien - Winner!

  • Race: Zerg Zerg
  • League: Gold
  • Spawn Location: 11:00

A.I. 1 (Elite)

  • Race: Terran Terran
  • Spawn Location: 1:00

A.I. 2 (Elite) - Winner!

  • Race: Terran Terran
  • Spawn Location: 12:00

A.I. 3 (Elite)

  • Race: Terran Terran
  • Spawn Location: 5:00

A.I. 4 (Elite) - Winner!

  • Race: Terran Terran
  • Spawn Location: 9:00

A.I. 5 (Elite)

  • Race: Zerg Zerg
  • Spawn Location: 6:00

A.I. 6 (Elite) - Winner!

  • Race: Zerg Zerg
  • Spawn Location: 7:00

A.I. 7 (Elite)

  • Race: Terran Terran
  • Spawn Location: 1:00

A.I. 8 (Elite) - Winner!

  • Race: Zerg Zerg
  • Spawn Location: 11:00

A.I. 9 (Elite)

  • Race: Terran Terran
  • Spawn Location: 3:00

A.I. 10 (Elite) - Winner!

  • Race: Terran Terran
  • Spawn Location: 7:00

A.I. 11 (Elite)

  • Race: Zerg Zerg
  • Spawn Location: 1:00

A.I. 12 (Elite) - Winner!

  • Race: Protoss Protoss
  • Spawn Location: 9:00

A.I. 13 (Elite)

  • Race: Zerg Zerg
  • Spawn Location: 5:00

VOD

Have the link to the VOD?

Description

Time

  • Played on: Sept. 2, 2017, 12:28 p.m.
  • Length: 25:58
Show
View Real Time Build Order
Export as new Build Order

Metasapien Zerg - Winner!

Build Orders: Hatch First 

Get SALT Encoding   

  12  0:02  Drone  
  13  0:18  Overlord  
  13  0:19  Drone  
  14  0:23  Extractor  
  14  0:24  Extractor  
  14  0:25  Drone  
  13  0:31  Drone  
  16  0:43  Drone  
  17  1:04  Hatchery  
  17  1:07  Drone  
  17  1:11  Extractor  
  16  1:12  Drone  
  16  1:15  Drone  
  18  1:25  Spawning Pool  
  17  1:27  Drone  
  18  1:54  Drone  
  19  1:56  Drone  
  19  1:58  Drone  
  21  2:06  Hatchery  
  20  2:09  Overlord  
  20  2:23  Drone  
  20  2:24  Queen  
  20  2:26  Drone  
  20  2:29  Drone  
  25  2:30  Drone  
  26  2:38  Drone  
  26  2:42  Extractor  
  26  2:44  Drone  
  26  2:49  Drone  
  26  2:50  Queen  
  30  2:55  Overlord  
  30  3:10  Drone  
  31  3:13  Zergling x2  
  31  3:18  Drone  
  31  3:19  Drone  
  34  3:25  Drone x2  
  36  3:28  Queen  
  36  3:30  Drone  
  39  3:37  Extractor  
  39  3:39  Extractor  
  39  3:40  Lair  
  37  3:41  Metabolic Boost  
  37  3:48  Drone  
  38  3:49  Evolution Chamber x2  
  38  3:52  Zergling x4  
  38  3:53  Drone  
  39  3:56  Drone  
  39  3:57  Drone  
  41  4:16  Zergling x8  
  45  4:24  Drone x2  
  47  4:34  Drone  
  48  4:50  Roach Warren  
  47  4:54  Zerg Missile Weapons Level 1, Zerg Ground Armor Level 1  
  47  4:55  Hydralisk Den  
  47  4:56  Zergling x6  
  47  4:57  Zergling x2  
  49  5:13  Drone x3  
  50  5:16  Overlord x2  
  49  5:28  Drone  
  50  5:35  Roach x2  
  54  5:36  Roach  
  54  5:38  Glial Reconstitution  
  54  5:41  Muscular Augments  
  54  5:52  Drone x2  
  54  5:54  Extractor  
  54  5:56  Extractor  
  54  5:58  Drone  
  54  5:59  Drone x2  
  54  6:00  Drone x2  
  54  6:01  Drone x2  
  61  6:21  Overseer  
  61  6:33  Hydralisk  
  61  6:34  Hydralisk  
  65  6:45  Overlord x5  
  65  6:46  Overlord x3  
  65  6:54  Zerg Missile Weapons Level 2, Zerg Ground Armor Level 2  
  65  6:56  Drone  
  66  7:09  Overlord x3  
  66  7:10  Overlord x3  
  66  7:14  Hydralisk  
  68  7:23  Drone  
  68  7:24  Drone x2  
  68  7:25  Drone x2, Hatchery  
  72  7:32  Pneumatized Carapace  
  72  7:41  Hatchery  
  71  7:57  Drone  
  71  7:58  Drone x2  
  74  8:25  Extractor  
  73  8:27  Hydralisk x5  
  73  8:29  Queen x2  
  87  8:36  Tunneling Claws  
  87  8:41  Burrow  
  87  8:45  Drone x6  
  87  8:46  Drone  
  94  8:50  Drone x2  
  94  8:52  Drone x4  
  100  9:08  Spire, Drone x2  
  100  9:09  Drone x2  
  103  9:10  Overlord x2  
  103  9:11  Infestation Pit, Overlord x2  
  102  9:28  Hydralisk x2  
  102  9:29  Roach x2, Hydralisk x3  
  102  9:30  Roach x2  
  115  9:54  Ravager x2  
  115  9:59  Hydralisk  
  117  10:00  Hydralisk x4  
  117  10:01  Roach, Hydralisk x4  
  117  10:02  Roach x6, Hydralisk x2  
  141  10:27  Drone x2  
  143  10:45  Drone  
  143  10:46  Drone  
  143  10:49  Nydus Network  
  144  10:53  Hive  
  144  10:55  Zerg Flyer Weapons Level 1  
  144  10:59  Spire  
  139  11:23  Ravager x3  
  138  11:28  Ravager  
  138  11:29  Ravager  
  140  11:57  Hydralisk x3  
  140  11:58  Hydralisk x3, Corruptor x5  
  140  11:59  Hydralisk x4, Corruptor  
  140  12:00  Hydralisk x4, Corruptor x3  
  140  12:01  Corruptor  
  188  12:08  Hatchery  
  188  12:14  Zerg Missile Weapons Level 3, Zerg Ground Armor Level 3  
  187  12:21  Greater Spire  
  187  12:43  Nydus Canal  
  155  13:34  Extractor x2  
  105  13:58  Hydralisk x10  
  105  13:59  Hydralisk x17  
  105  14:00  Hydralisk x9  
  166  14:09  Brood Lord  
  168  14:20  Drone x2  
  168  14:22  Drone  
  171  14:47  Zerg Flyer Armor Level 1  
  171  14:48  Zerg Flyer Weapons Level 2  
  171  14:54  Brood Lord x3  
  151  15:53  Viper x2  
  151  15:54  Roach x2  
  151  15:55  Roach x5, Hydralisk x4  
  151  15:56  Roach x5, Hydralisk x4  
  195  15:57  Roach  
  195  16:00  Nydus Canal  
  199  16:23  Nydus Canal  
  199  16:56  Ravager  
  200  17:39  Zerg Melee Weapons Level 1  
  200  18:05  Hatchery  
  199  18:08  Extractor  
  199  18:10  Extractor  
  197  19:14  Hatchery  
  197  19:16  Zerg Flyer Weapons Level 3, Zerg Flyer Armor Level 2  
  188  19:47  Hatchery  
  187  19:56  Extractor  
  187  19:58  Extractor  
  185  20:00  Extractor  
  185  20:01  Extractor  
  183  21:18  Corruptor x2  
  183  21:19  Corruptor x3  
  183  21:20  Corruptor x3  
  199  22:45  Zerg Melee Weapons Level 2  
  199  22:47  Zerg Flyer Armor Level 3  
  199  22:49  Adrenal Overload  
  199  23:01  Drone  
  200  23:25  Unknown  
  200  23:27  Unknown  
  200  23:31  Unknown  
  200  23:44  Unknown  
  200  24:48  Nydus Canal  
  200  25:11  Hatchery  
  199  25:15  Extractor  
  199  25:16  Extractor  
Show
View Real Time Build Order
Export as new Build Order

A.I. 1 (Elite) Terran 

Build Orders:  

Get SALT Encoding   

  12  0:01  SCV  
  13  0:13  SCV  
  14  0:19  Supply Depot  
  14  0:25  SCV  
  15  0:41  SCV  
  16  0:46  Barracks  
  16  0:53  SCV  
  17  1:05  SCV  
  18  1:17  SCV  
  19  1:18  Supply Depot  
  19  1:25  Refinery  
  19  1:29  SCV  
  20  1:33  Marine  
  21  1:41  SCV  
  22  1:50  Refinery  
  22  1:51  Marine  
  22  1:53  SCV  
  24  2:05  SCV  
  25  2:09  Marine  
  26  2:18  SCV  
  27  2:27  Marine  
  27  2:29  Factory  
  28  2:30  SCV  
  29  2:42  SCV  
  30  2:44  Marine  
  30  2:47  Factory  
  30  2:53  Supply Depot  
  30  2:55  Orbital Command  
  30  3:02  Marine  
  31  3:16  Factory Tech Lab  
  31  3:20  SCV  
  31  3:22  Marine  
  33  3:29  Command Center  
  33  3:32  SCV  
  33  3:33  Factory Tech Lab  
  34  3:45  SCV  
  35  3:57  SCV  
  35  3:59  Barracks  
  36  4:09  SCV  
  37  4:10  Starport, Barracks Tech Lab  
  37  4:18  Supply Depot  
  37  4:21  SCV  
  38  4:30  Stimpack  
  38  4:33  SCV  
  39  4:40  Marine  
  39  4:41  Orbital Command  
  39  4:43  Hellion  
  39  4:44  Siege Tank  
  43  4:47  Marine  
  40  4:58  Marine  
  41  5:04  Siege Tank  
  41  5:06  Barracks Tech Lab  
  44  5:16  Siege Tank  
  44  5:17  Marauder  
  49  5:23  Supply Depot  
  49  5:27  Marauder  
  51  5:32  Command Center  
  50  5:36  Hellion  
  50  5:37  Marine  
  53  5:47  Marine  
  53  5:49  Hellion  
  56  5:56  Marauder  
  58  5:57  Supply Depot  
  58  5:58  Hellion  
  60  6:06  Marauder  
  60  6:10  Siege Tank  
  65  6:17  Marine  
  66  6:24  Hellion  
  68  6:27  Marine  
  68  6:28  Supply Depot  
  69  6:35  Marauder  
  71  6:45  Marauder  
  73  6:52  SCV  
  75  6:54  SCV  
  75  6:56  SCV  
  75  7:01  Marauder  
  78  7:02  Refinery  
  78  7:04  SCV  
  78  7:06  Marauder  
  81  7:10  Refinery, SCV  
  81  7:12  SCV  
  83  7:16  SCV  
  83  7:22  SCV, Marine  
  86  7:25  SCV  
  86  7:28  SCV, Marauder  
  90  7:35  Armory  
  90  7:36  SCV  
  90  7:39  SCV  
  91  7:44  Supply Depot, SCV  
  91  7:48  SCV  
  93  7:53  SCV  
  93  7:57  Marine  
  95  8:00  Marine  
  96  8:11  SCV  
  97  8:14  Supply Depot  
  97  8:15  Marine  
  97  8:19  Marauder  
  100  8:23  SCV  
  100  8:24  Siege Tank  
  104  8:33  Marine  
  105  8:37  SCV  
  106  8:42  SCV  
  106  8:45  Command Center  
  106  8:47  Marauder  
  100  8:54  Liberator, SCV  
  97  9:00  Hellion  
  99  9:06  Hellion  
  99  9:07  Supply Depot  
  104  9:17  Engineering Bay  
  104  9:21  Hellion  
  104  9:22  Marauder  
  108  9:29  Siege Tank  
  111  9:50  Marine  
  112  9:56  Marine  
  113  10:05  Hellion  
  110  10:10  Supply Depot  
  110  10:11  SCV  
  95  10:16  Marauder  
  83  10:23  Engineering Bay, Marauder  
  85  10:29  SCV  
  86  10:35  Refinery  
  86  10:36  Siege Tank  
  86  10:37  Marauder  
  86  10:42  Siege Tank  
  94  10:48  Refinery  
  94  10:52  Marine  
  94  10:58  Marine  
  95  11:08  Armory, Hellion  
  95  11:10  SCV  
  98  11:13  Liberator  
  98  11:15  Marauder  
  100  11:18  Siege Tank  
  100  11:22  Factory  
  103  11:27  SCV  
  107  11:38  Marine  
  108  11:44  Supply Depot, Marine  
  109  11:53  Hellion  
  111  11:56  Siege Tank  
  111  12:00  SCV  
  115  12:03  Barracks  
  115  12:04  Marine  
  116  12:10  Marine  
  117  12:16  Supply Depot  
  117  12:18  SCV  
  117  12:21  Siege Tank  
  121  12:23  Liberator  
  121  12:25  Marine  
  121  12:27  Command Center  
  121  12:29  SCV  
  123  12:33  Marine  
  124  12:37  Siege Tank  
  130  12:45  SCV  
  130  12:47  Ghost Academy  
  131  12:55  Marine  
  132  12:59  Supply Depot, Marine  
  132  13:03  Barracks Reactor  
  132  13:05  SCV  
  134  13:09  Siege Tank  
  136  13:16  Marine  
  127  13:21  SCV  
  127  13:26  Marine  
  112  13:32  Siege Tank  
  103  13:36  Marine  
  85  13:41  Marine  
  85  13:45  SCV  
  75  13:49  Marauder  
  75  13:54  Ghost  
  79  13:57  Refinery  
  79  13:58  Hellion  
  79  14:00  Orbital Command  
  79  14:01  Hellion  
  82  14:04  Marine  
  82  14:08  Marine  
  84  14:10  Marine  
  84  14:14  Missile Turret, SCV  
  86  14:18  Hellion  
  86  14:21  Siege Tank  
  91  14:26  Hellion  
  93  14:32  Marine  
  93  14:35  Marine  
  95  14:38  SCV  
  96  14:48  Missile Turret  
  96  14:49  Siege Tank  
  96  14:50  Starport Tech Lab  
  96  14:52  Marine  
  100  14:57  Marine  
  101  15:09  SCV  
  102  15:14  Viking  
  104  15:22  Siege Tank  
  104  15:26  SCV  
  103  15:29  Marine  
  103  15:32  Marine  
  93  15:39  Siege Tank  
  88  15:43  SCV  
  88  15:46  Marine  
  88  15:49  Missile Turret, Marine  
  90  15:53  Planetary Fortress  
  90  15:54  Marine  
  86  15:58  Hellion  
  86  16:06  SCV  
  86  16:09  Raven  
  89  16:13  Marine  
  89  16:16  Marine  
  89  16:25  SCV  
  89  16:29  Marine  
  73  16:43  Ghost  
  73  16:45  Planetary Fortress  
  73  16:47  SCV  
  73  16:50  Marine  
  69  17:02  Siege Tank  
  69  17:08  SCV  
  69  17:11  Marine  
  56  17:23  SCV  
  56  17:27  SCV  
  46  17:35  SCV  
  31  17:39  SCV  
  30  17:47  SCV  
  27  18:08  Command Center  
  25  18:21  Refinery  
  1  19:20  SCV  
Show
View Real Time Build Order
Export as new Build Order

A.I. 2 (Elite) Terran - Winner!

Build Orders:  

Get SALT Encoding   

  12  0:01  SCV  
  13  0:13  SCV  
  14  0:19  Supply Depot  
  14  0:25  SCV  
  15  0:41  SCV  
  16  0:48  Barracks  
  16  0:53  SCV  
  17  1:05  SCV  
  18  1:17  Supply Depot, SCV  
  19  1:21  Refinery  
  19  1:29  SCV  
  20  1:34  Marine  
  21  1:41  SCV  
  22  1:52  Marine  
  22  1:53  SCV  
  24  1:59  Barracks  
  24  2:00  Refinery  
  24  2:03  Supply Depot  
  24  2:05  SCV  
  25  2:10  Marine  
  26  2:17  SCV  
  27  2:28  Marine  
  29  2:30  SCV  
  29  2:39  Factory  
  29  2:42  SCV  
  30  2:45  Marine  
  30  2:46  Marine  
  32  2:54  SCV  
  33  3:03  Marine  
  33  3:04  Marine  
  35  3:06  SCV  
  36  3:18  SCV  
  37  3:21  Marine x2  
  39  3:29  Supply Depot  
  39  3:30  Factory Tech Lab  
  39  3:44  SCV  
  38  3:48  Starport  
  38  3:50  Marine  
  38  3:53  Marine  
  34  3:59  SCV  
  34  4:01  Barracks  
  35  4:08  Marine  
  36  4:10  Marine  
  36  4:11  SCV  
  36  4:25  Hellion  
  36  4:26  Marine  
  36  4:28  Marine  
  33  4:44  Marine  
  32  4:46  Marine  
  32  4:48  Marine  
  23  5:24  Marine  
  23  5:26  Marine  
  23  5:27  Barracks Tech Lab  
  25  5:29  SCV  
  23  5:41  SCV, Marine  
  25  5:44  Marine  
  25  5:46  Marine  
  27  5:53  SCV  
  28  5:59  Marine  
  28  6:01  Marine  
  30  6:05  Marauder  
  30  6:06  SCV  
  33  6:17  Marine  
  33  6:18  SCV  
  35  6:20  Marine  
  36  6:26  Marauder  
  36  6:30  SCV  
  39  6:35  Marine  
  40  6:44  Supply Depot, SCV  
  41  6:50  Marauder  
  43  6:56  SCV  
  44  7:11  Marauder  
  46  7:17  Orbital Command  
  46  7:22  Marine  
  46  7:25  Marine  
  46  7:28  Supply Depot  
  48  7:32  Marine  
  49  7:40  Marine  
  49  7:43  Marine  
  51  7:50  Marine  
  52  7:58  Marine  
  52  8:01  Marine  
  52  8:03  Supply Depot  
  54  8:07  Marine  
  55  8:26  Marauder  
  57  8:33  Engineering Bay  
  57  8:34  Barracks Tech Lab  
  57  8:40  Marine  
  58  8:47  Marauder  
  60  8:49  Supply Depot  
  60  8:50  Hellion  
  60  8:54  Marauder  
  64  9:09  Marauder  
  66  9:11  Siege Tank  
  66  9:15  Marauder  
  71  9:19  Supply Depot  
  71  9:30  Marauder  
  73  9:36  Marauder  
  74  9:48  Hellion  
  74  9:51  Marauder  
  78  9:55  Supply Depot  
  78  9:58  Marauder  
  80  10:09  Command Center  
  80  10:13  Marauder  
  74  10:19  Marauder  
  76  10:22  Marine  
  75  10:33  Engineering Bay  
  75  10:34  Marauder  
  74  10:40  Marine  
  74  10:41  Barracks Reactor  
  78  10:42  Siege Tank  
  78  10:56  Marine  
  79  10:58  Marine  
  74  11:13  Supply Depot  
  74  11:14  Marine  
  74  11:16  Marine  
  74  11:17  Marine  
  75  11:23  Hellion  
  76  11:27  SCV  
  76  11:31  SCV  
  76  11:38  Marauder  
  76  11:39  SCV  
  75  11:44  Hellion  
  75  11:45  SCV  
  69  11:47  Marauder  
  69  11:51  SCV  
  70  11:57  SCV  
  70  11:59  Marauder, Marine  
  66  12:04  SCV, Marine  
  64  12:09  Marine  
  65  12:17  SCV, Marine  
  67  12:23  Marauder  
  67  12:26  Marine  
  68  12:30  SCV  
  68  12:34  Marine  
  66  12:38  Marine  
  67  12:44  Marauder  
  67  12:46  Marine  
  67  12:50  SCV  
  71  12:53  Marauder  
  71  12:56  Marine  
  74  13:06  Marauder, Marine  
  74  13:08  SCV  
  78  13:14  Marine, Marauder  
  78  13:18  Siege Tank  
  84  13:25  Marine  
  85  13:27  Liberator  
  85  13:29  Marauder  
  87  13:37  Marauder  
  87  13:38  Supply Depot  
  92  13:51  Marine  
  92  13:55  Marauder  
  95  13:57  Siege Tank  
  98  14:10  Supply Depot  
  98  14:13  Liberator  
  98  14:21  Refinery  
  98  14:29  Siege Tank  
  104  14:34  Refinery  
  104  14:42  Supply Depot  
  104  15:17  Medivac  
  106  15:22  Siege Tank  
  106  15:27  Marauder  
  111  15:31  Marauder  
  111  15:32  Armory  
  113  15:38  Supply Depot  
  113  15:49  Viking  
  115  15:50  Armory  
  115  16:01  Marauder  
  117  16:10  Orbital Command  
  117  16:19  Medivac  
  119  16:28  Missile Turret  
  119  16:39  Missile Turret  
  118  16:48  Command Center  
  118  16:49  Viking  
  119  17:17  Marine  
  119  17:19  Viking  
  122  17:49  Viking  
  124  18:07  SCV  
  124  18:11  SCV  
  126  18:19  Viking  
  129  18:21  SCV  
  129  18:25  SCV  
  131  18:29  Hellion  
  131  18:34  SCV  
  134  18:36  SCV  
  134  18:38  SCV  
  134  18:39  Liberator  
  135  18:46  SCV  
  136  18:50  Orbital Command  
  136  18:52  SCV  
  137  18:59  Refinery  
  137  19:00  SCV  
  141  19:05  SCV  
  142  19:12  Missile Turret, SCV  
  142  19:16  Hellion  
  145  19:19  SCV  
  145  19:22  Liberator  
  146  19:33  Refinery  
  146  19:44  Missile Turret  
  149  19:51  Missile Turret  
  149  20:05  Liberator  
  149  20:17  SCV  
  149  20:20  SCV  
  151  20:23  Supply Depot  
  151  20:24  SCV  
  153  20:36  Terran Infantry Armor Level 1  
  153  20:39  Concussive Shells  
  153  20:42  Terran Vehicle Weapons Level 1  
  152  20:47  Marine  
  151  20:50  Missile Turret, Marine  
  151  20:53  Marine  
  153  20:58  Marauder  
  153  21:01  Supply Depot  
  155  21:07  Hellion  
  157  21:20  Viking  
  157  21:23  Marine  
  160  21:26  Marauder  
  160  21:29  Marine  
  163  21:41  Marauder  
  163  21:43  Siege Tank  
  168  21:52  Starport Tech Lab  
  168  21:59  Supply Depot  
  168  22:10  Medivac  
  168  22:12  Command Center  
  170  22:29  Hellion  
  172  22:39  Marine  
  172  22:40  Raven  
  172  22:58  Supply Depot  
  174  22:59  Marine  
  174  23:04  Widow Mine  
  175  23:21  Marine  
  175  23:23  Raven  
  180  23:27  Marine  
  180  23:33  Widow Mine  
  181  23:37  Marine  
  181  23:41  Marine  
  182  23:44  Supply Depot  
  182  23:46  Marine  
  184  23:51  Marine  
  185  24:02  Cyclone  
  186  24:14  Medivac  
  188  24:19  Ghost Academy  
  186  24:27  Marauder  
  190  24:42  Widow Mine  
  190  24:44  Medivac  
  192  24:52  Refinery  
  192  24:58  Ghost  
  194  25:03  Siege Tank  
  197  25:16  Command Center  
Show
View Real Time Build Order
Export as new Build Order

A.I. 3 (Elite) Terran 

Build Orders:  

Get SALT Encoding   

  12  0:01  SCV  
  13  0:13  SCV  
  14  0:19  Supply Depot  
  14  0:25  SCV  
  15  0:29  Refinery  
  15  0:41  SCV  
  16  0:48  Barracks  
  16  0:53  SCV  
  17  1:05  SCV  
  18  1:17  SCV  
  19  1:35  Marine  
  19  1:37  Orbital Command, Supply Depot  
  20  1:43  Factory  
  20  1:51  Barracks  
  20  1:53  Marine  
  21  2:03  SCV  
  22  2:11  Barracks Tech Lab  
  22  2:15  SCV  
  23  2:24  Supply Depot  
  23  2:27  Hellion  
  27  2:30  Marauder  
  27  2:32  Concussive Shells  
  27  2:38  Barracks Tech Lab  
  27  2:46  SCV  
  27  2:48  Hellion  
  32  2:51  Marauder  
  32  2:56  Marauder  
  34  3:00  Supply Depot  
  34  3:09  Hellion  
  38  3:12  Marauder  
  38  3:22  Marauder  
  38  3:24  Supply Depot  
  40  3:31  Hellion  
  44  3:34  Marauder  
  44  3:39  SCV  
  45  3:43  Marauder  
  47  3:51  Supply Depot  
  47  3:52  SCV  
  47  3:53  Factory Tech Lab  
  47  3:55  Marine  
  36  4:04  SCV, Marine  
  36  4:06  Refinery  
  36  4:12  Marine  
  36  4:16  SCV  
  38  4:22  Marine  
  39  4:30  SCV, Marine  
  41  4:39  Marine  
  41  4:43  SCV  
  41  4:44  Command Center  
  43  4:48  Marine  
  44  4:58  Marauder  
  46  5:04  SCV  
  46  5:06  Marauder  
  49  5:14  Hellion  
  51  5:19  Marine  
  52  5:27  Marine  
  53  5:29  Supply Depot  
  53  5:35  Hellion  
  55  5:37  Marauder  
  57  5:45  Marine  
  58  5:58  Supply Depot, Hellion, Marine  
  55  6:04  SCV  
  55  6:06  Marine  
  55  6:09  SCV  
  52  6:16  SCV, Marauder  
  55  6:21  SCV  
  55  6:25  Marauder  
  58  6:28  SCV  
  58  6:31  Hellion  
  61  6:33  SCV  
  61  6:38  Marauder  
  64  6:40  SCV  
  64  6:45  Marine  
  64  6:46  SCV  
  67  6:52  SCV  
  68  6:58  SCV  
  68  6:59  Marauder  
  71  7:03  Marine  
  71  7:04  SCV  
  73  7:12  Supply Depot, Hellion  
  75  7:16  SCV  
  76  7:26  SCV  
  76  7:29  Refinery, SCV  
  78  7:35  Siege Tank  
  81  7:38  SCV  
  81  7:42  Supply Depot, Marine  
  83  7:46  SCV  
  83  7:49  Marine  
  85  7:56  Refinery  
  85  8:00  Marine  
  85  8:01  SCV  
  87  8:07  Engineering Bay, Marauder  
  87  8:08  SCV  
  90  8:16  Supply Depot  
  90  8:17  SCV  
  90  8:18  Marine  
  92  8:25  SCV  
  93  8:27  Engineering Bay  
  93  8:31  SCV  
  94  8:34  Marine  
  94  8:41  SCV  
  96  8:44  Marauder  
  98  8:50  SCV  
  98  8:54  Marauder  
  101  8:55  Supply Depot  
  101  9:05  SCV  
  101  9:06  Marauder  
  104  9:11  Armory  
  104  9:27  Siege Tank  
  107  9:31  Barracks  
  107  9:51  Marauder  
  109  9:53  Armory  
  109  9:56  Orbital Command  
  109  9:59  Siege Tank  
  112  10:06  Supply Depot  
  114  10:07  Marauder  
  114  10:12  Marauder  
  106  10:26  Marine  
  105  10:28  Marauder  
  105  10:33  Marine  
  87  10:44  Marine  
  87  10:48  Siege Tank  
  87  10:49  Marine  
  91  10:52  Supply Depot  
  91  10:56  Marine  
  91  11:01  Marine  
  92  11:07  Marine  
  93  11:13  Marine  
  93  11:14  Barracks  
  94  11:19  Marine  
  94  11:25  Marine  
  96  11:31  Marine  
  96  11:37  Widow Mine, Marine  
  92  11:45  Marine  
  89  11:49  Starport, Marine  
  88  11:59  Hellion  
  73  12:04  Missile Turret  
  67  12:08  Marine  
  67  12:12  Marine  
  69  12:17  Marine  
  70  12:27  Cyclone  
  70  12:29  Marine  
  71  12:30  Starport Tech Lab  
  71  12:38  Marine  
  72  12:47  Marine  
  73  12:53  Marine  
  73  12:55  Marine  
  75  13:05  Siege Tank  
  76  13:09  Marine  
  76  13:12  Marine  
  67  13:15  Missile Turret  
  68  13:24  Marine  
  63  13:32  Marauder  
  65  13:42  Marauder  
  67  13:51  Siege Tank  
  67  13:53  Marauder  
  72  14:03  Marine  
  72  14:06  Missile Turret  
  72  14:09  Marine  
  74  14:12  Viking  
  74  14:15  Marine  
  71  14:18  Marine  
  71  14:21  Marine  
  60  14:26  Marine  
  60  14:33  Marauder  
  62  14:42  Viking  
  62  14:43  Barracks  
  62  14:44  Marine  
  62  14:46  Barracks Tech Lab  
  62  14:50  Siege Tank  
  65  15:04  Marine  
  65  15:06  Marine  
  66  15:08  Marine  
  66  15:12  Marine  
  62  15:22  Marine  
  62  15:25  Marauder  
  62  15:26  Marine  
  62  15:27  Starport, Viking  
  59  15:30  Marine  
  59  15:34  Marine  
  59  15:40  Marine  
  59  15:41  Hellion  
  59  15:45  Marine  
  59  15:49  Barracks Reactor  
  57  15:50  Marine  
  57  15:52  Marine  
  52  15:58  Marine  
  52  16:03  Marine  
  50  16:08  Marine  
  50  16:10  Marine  
  48  16:15  Hellion  
  48  16:16  Marine  
  49  16:19  Raven  
  49  16:22  Marine  
  49  16:28  Marine  
  49  16:31  Marine  
  49  16:34  Marine  
  45  16:40  Marine  
  45  16:46  Marine  
  42  16:49  Marine  
  42  16:50  Hellion  
  42  16:53  Marine  
  40  16:57  Liberator  
  40  16:58  Marine  
  34  17:04  Marine  
  34  17:06  Marine  
  35  17:10  Marine  
  37  17:18  Marine  
  37  17:21  Marine  
  36  17:27  Marine  
  34  17:30  Marine  
  30  17:37  Hellion  
  30  17:39  Marine x2  
  30  17:42  Liberator  
  30  17:46  Marine  
  30  17:50  Marine  
  32  17:57  Marine  
  33  17:59  Barracks  
  33  18:02  Marine  
  37  18:07  Marine  
  37  18:11  Marine  
  39  18:15  Marine  
  40  18:20  Marine  
  40  18:26  Marine  
  42  18:29  Marine  
  42  18:32  Missile Turret  
  42  18:33  Marine  
  44  18:37  Marine  
  45  18:47  Marine  
  45  18:48  Siege Tank  
  49  18:59  Marauder  
  51  19:03  Marauder  
  53  19:11  Marauder  
  55  19:20  Thor  
  55  19:21  Marauder  
  63  19:25  Factory, Marauder  
  63  19:27  Barracks Reactor  
  65  19:32  Marauder  
  65  19:37  Supply Depot  
  67  19:42  Marauder  
  67  19:43  Liberator, Marine  
  65  19:47  Marine  
  61  19:53  Marine  
  58  20:01  Starport  
  60  20:09  Marauder  
  60  20:13  Marine  
  59  20:18  Marauder  
  59  20:20  Marine  
  43  20:22  Marine  
  43  20:25  Marine  
  43  20:31  Marine, Marauder  
  43  20:35  Missile Turret  
  46  20:37  Factory Tech Lab  
  46  20:38  Marauder  
  46  20:39  Marine  
  46  20:41  Marine  
  50  20:43  Marine  
  50  20:44  Starport Reactor  
  50  20:49  Marine  
  52  20:52  Siege Tank, Marine  
  52  20:56  Marine  
  56  20:57  Siege Tank  
  56  20:59  Marine  
  56  21:00  Marine  
  56  21:01  Liberator  
  56  21:04  Marine  
  43  21:08  Marine  
  40  21:14  Marine  
  40  21:15  Missile Turret  
  40  21:16  Marine  
  42  21:20  Marine  
  42  21:22  Marine  
  42  21:24  Marine  
  42  21:26  Marine  
  42  21:31  Marine  
  38  21:33  Marine  
  38  21:37  SCV, Marine  
  33  21:43  SCV, Marine  
  20  21:49  SCV, Marine  
  20  21:51  Marine  
  19  21:55  SCV, Marine  
  19  22:01  Viking, SCV  
  18  22:02  Barracks Reactor  
  18  22:03  Siege Tank  
  18  22:07  SCV, Marine  
  18  22:13  SCV, Marine  
  14  22:19  Marine  
  14  22:25  Marauder  
  14  22:29  SCV  
  15  22:31  Marauder  
  12  22:37  Marauder  
  12  22:41  SCV  
  12  22:44  Hellion  
  12  22:48  Viking  
  9  22:53  SCV  
Show
View Real Time Build Order
Export as new Build Order

A.I. 4 (Elite) Terran - Winner!

Build Orders:  

Get SALT Encoding   

  12  0:01  SCV  
  13  0:13  SCV  
  14  0:20  Supply Depot  
  14  0:25  SCV  
  15  0:42  SCV  
  16  0:51  Barracks  
  16  0:54  SCV  
  17  1:06  SCV  
  18  1:18  Supply Depot, SCV  
  19  1:23  Refinery  
  19  1:30  SCV  
  20  1:38  Marine  
  21  1:42  SCV  
  22  1:54  SCV  
  22  1:56  Marine  
  22  1:58  Barracks  
  22  2:00  Refinery  
  24  2:06  Orbital Command, Supply Depot  
  24  2:14  Marine  
  25  2:32  Marine  
  25  2:33  SCV  
  27  2:44  Marine  
  27  2:45  SCV  
  29  2:52  Command Center  
  29  3:05  SCV  
  30  3:08  Marine  
  30  3:09  Marine  
  32  3:14  Factory  
  32  3:17  SCV  
  33  3:25  Marine  
  34  3:27  Marine  
  34  3:29  SCV  
  36  3:41  SCV  
  35  3:43  Marine  
  35  3:45  Marine  
  36  3:53  SCV  
  37  4:01  Marine  
  37  4:03  Marine  
  37  4:04  Factory Tech Lab  
  37  4:05  SCV  
  37  4:06  SCV  
  39  4:17  SCV  
  39  4:18  SCV  
  39  4:19  Marine  
  39  4:20  Starport  
  39  4:21  Marine  
  43  4:24  Supply Depot  
  43  4:29  SCV  
  43  4:30  SCV  
  45  4:37  Siege Tank, Marine  
  49  4:39  Marine  
  49  4:41  SCV  
  49  4:43  SCV  
  51  4:53  SCV  
  51  4:55  Marine  
  51  4:56  Marine  
  51  4:57  Supply Depot  
  51  4:58  Orbital Command  
  51  4:59  Starport Tech Lab  
  54  5:06  SCV  
  55  5:12  Marine  
  55  5:16  Barracks Tech Lab  
  55  5:18  SCV  
  56  5:31  Hellion  
  58  5:38  Marauder  
  58  5:44  Command Center  
  58  5:50  Supply Depot  
  58  5:52  Hellion  
  60  5:59  Marauder  
  63  6:18  Hellion  
  63  6:19  Engineering Bay  
  63  6:21  Marauder  
  65  6:32  Marine  
  65  6:41  Siege Tank, Supply Depot  
  65  6:42  Marauder  
  70  6:47  Engineering Bay  
  70  6:51  Barracks Tech Lab  
  70  7:03  SCV, Marine  
  70  7:06  SCV  
  69  7:09  SCV  
  69  7:14  Marauder  
  69  7:16  Refinery, SCV  
  69  7:20  SCV  
  69  7:21  Marauder  
  73  7:23  Refinery  
  73  7:24  SCV  
  73  7:26  Siege Tank  
  78  7:30  SCV  
  78  7:35  Marauder  
  80  7:39  SCV  
  80  7:42  Marine  
  80  7:43  Orbital Command  
  82  7:48  SCV  
  82  7:50  Medivac  
  85  7:57  Marauder  
  87  8:00  Marauder  
  87  8:05  Siege Tank  
  92  8:09  Command Center  
  92  8:14  SCV  
  92  8:16  SCV  
  92  8:17  Supply Depot  
  92  8:19  SCV  
  95  8:23  Marauder  
  95  8:26  Medivac  
  99  8:29  Marauder  
  99  8:31  SCV  
  95  8:35  Missile Turret  
  86  8:44  Marauder  
  88  8:50  Marine  
  88  8:53  Supply Depot  
  89  9:00  Hellion  
  91  9:06  Liberator  
  91  9:07  Marauder  
  92  9:16  Marauder  
  91  9:21  Siege Tank  
  97  9:27  Supply Depot  
  97  9:29  Marauder  
  99  9:32  SCV  
  100  9:41  Refinery  
  100  9:43  Marauder  
  102  9:50  SCV  
  103  9:57  Liberator  
  103  10:00  Refinery  
  103  10:01  Marauder  
  103  10:05  SCV  
  106  10:11  Supply Depot  
  106  10:12  Marauder  
  111  10:23  SCV  
  112  10:29  Marauder  
  112  10:33  SCV  
  115  10:38  SCV  
  115  10:42  SCV  
  117  10:46  Supply Depot  
  117  10:47  SCV  
  118  10:50  SCV  
  118  10:55  Hellion  
  121  10:58  SCV  
  121  11:01  Missile Turret  
  122  11:10  SCV  
  123  11:15  Marine  
  124  11:18  SCV  
  124  11:23  Marauder  
  127  11:27  SCV  
  127  11:31  SCV  
  129  11:35  Supply Depot, SCV  
  129  11:39  Marine  
  130  11:44  Armory  
  131  11:48  Marine  
  130  11:57  Marine  
  127  12:06  Marine  
  118  12:15  Marine  
  114  12:22  Command Center  
  98  12:24  Hellion  
  98  12:28  Marine  
  93  12:36  Marauder  
  95  12:41  Viking  
  97  12:48  Marine  
  98  12:51  Planetary Fortress  
  98  12:59  Marine  
  99  13:08  Marauder  
  98  13:13  Raven  
  100  13:31  Marine  
  100  13:33  Fusion Core  
  101  13:36  Marine  
  101  13:40  Hellion  
  104  13:48  Supply Depot  
  104  13:49  Planetary Fortress  
  104  13:51  Marine  
  104  13:55  Marine  
  103  13:59  SCV  
  104  14:08  Marine  
  105  14:13  Marine  
  105  14:14  Raven  
  108  14:19  SCV  
  108  14:21  Command Center  
  109  14:26  Marine  
  109  14:30  SCV, Marine  
  112  14:35  SCV  
  113  14:42  SCV  
  110  14:57  Viking  
  110  15:03  Marine  
  111  15:07  Marine  
  111  15:10  Refinery  
  108  15:27  Viking  
  106  15:31  Marine  
  102  15:37  Marine  
  102  15:42  Missile Turret  
  101  15:45  Planetary Fortress  
  97  15:57  Marine  
  95  16:25  Marine  
  95  16:28  Marine  
  91  16:42  Refinery  
  91  16:43  Viking, Marauder  
  95  16:53  Refinery, Marauder  
  97  17:13  Marauder  
  97  17:15  Medivac  
  101  17:19  Marauder  
  103  17:36  Marauder  
  105  17:42  Refinery  
  105  17:45  Raven  
  107  18:10  Siege Tank  
  110  18:27  Marine  
  110  18:33  Marauder  
  113  18:46  Marauder  
  115  18:50  Siege Tank  
  115  18:55  Marauder  
  120  19:02  Liberator  
  120  19:12  Marauder  
  125  19:28  Marine  
  125  19:30  Thor  
  132  19:33  Marine  
  133  19:43  Missile Turret  
  133  19:45  Marine  
  134  19:59  Marine  
  135  20:03  Medivac  
  135  20:06  Marine  
  138  20:10  Command Center  
  138  20:17  Marine  
  139  20:38  Ghost Academy, Marine  
  139  20:42  Marauder  
  142  20:45  Viking  
  144  20:56  Marine  
  145  21:02  Siege Tank  
  145  21:04  Marauder  
  150  21:32  Liberator  
  150  21:34  Thor  
  156  21:41  Missile Turret  
  156  21:42  Planetary Fortress  
  159  21:59  Missile Turret  
  159  22:00  Ghost  
  161  22:02  Ghost  
  163  22:14  Refinery  
  163  22:18  Hellion  
  165  22:33  Viking  
  165  22:36  Marine  
  168  22:40  Marine  
  168  22:42  Siege Tank  
  168  22:43  Refinery  
  172  23:03  Viking  
  174  23:10  Command Center  
  176  23:21  Widow Mine  
  176  23:42  Thor  
  181  24:17  SCV  
  182  24:25  Siege Tank  
  185  24:55  Armory  
  185  24:56  Planetary Fortress  
  185  24:57  Siege Tank  
  188  25:06  Medivac  
  190  25:24  Missile Turret  
  193  25:45  Missile Turret  
Show
View Real Time Build Order
Export as new Build Order

A.I. 5 (Elite) Zerg 

Build Orders: Pool First 

Get SALT Encoding   

  12  0:01  Drone  
  13  0:13  Overlord  
  13  0:18  Drone  
  14  0:31  Drone x2  
  14  0:35  Drone  
  17  0:52  Spawning Pool  
  17  0:53  Drone  
  17  1:16  Hatchery  
  17  1:18  Drone  
  17  1:22  Extractor  
  17  1:24  Extractor  
  17  1:25  Drone  
  16  1:29  Drone  
  17  1:34  Drone  
  17  1:39  Drone  
  19  1:50  Overlord  
  19  2:02  Queen  
  19  2:07  Zergling x2  
  22  2:12  Drone  
  23  2:28  Queen  
  25  2:33  Drone  
  26  2:39  Drone  
  27  2:46  Drone  
  27  2:50  Drone  
  29  3:07  Drone  
  29  3:10  Zergling x2  
  31  3:14  Zergling x2  
  31  3:19  Overlord  
  32  3:23  Drone  
  32  3:26  Zergling x2  
  33  3:29  Drone  
  34  3:35  Roach Warren  
  34  3:36  Drone  
  34  3:47  Overlord  
  29  3:50  Zergling x2  
  29  3:54  Zergling x2  
  31  3:57  Zergling x2  
  31  3:59  Zergling x2  
  33  4:07  Queen  
  35  4:15  Drone  
  35  4:16  Roach  
  37  4:18  Drone  
  37  4:20  Roach  
  37  4:22  Roach  
  37  4:24  Roach  
  42  4:33  Lair  
  42  4:37  Overlord  
  42  4:43  Zergling x2  
  42  4:45  Zergling x2  
  44  4:48  Zergling x2  
  44  4:51  Drone  
  46  4:53  Drone  
  46  4:56  Drone  
  46  4:59  Drone  
  49  5:01  Drone  
  50  5:15  Drone  
  50  5:18  Drone  
  52  5:23  Overlord  
  52  5:26  Drone  
  53  5:31  Drone  
  54  5:38  Drone  
  54  5:42  Infestation Pit, Drone  
  55  5:45  Roach  
  57  5:50  Overlord  
  57  5:53  Drone  
  57  5:56  Roach  
  60  5:58  Overseer  
  60  5:59  Hydralisk Den  
  60  6:01  Drone  
  60  6:04  Zergling x2  
  61  6:06  Drone  
  61  6:10  Roach  
  64  6:15  Drone  
  64  6:16  Overlord  
  64  6:17  Baneling Nest  
  60  6:21  Roach  
  60  6:23  Drone  
  59  6:27  Zergling x2  
  59  6:30  Roach  
  60  6:34  Drone  
  60  6:36  Roach  
  60  6:39  Roach  
  62  6:42  Drone  
  62  6:46  Roach  
  65  6:49  Zergling x2  
  65  6:53  Drone  
  67  6:56  Zergling x2  
  67  6:59  Roach  
  68  7:02  Overlord  
  68  7:04  Zergling x2  
  68  7:06  Drone  
  64  7:09  Roach  
  64  7:12  Zergling x2  
  64  7:15  Roach  
  69  7:18  Baneling  
  69  7:21  Baneling  
  69  7:23  Evolution Chamber  
  69  7:24  Roach  
  69  7:27  Extractor  
  69  7:28  Zergling x2  
  70  7:31  Drone  
  70  7:36  Roach  
  73  7:39  Zergling x2  
  73  7:40  Extractor  
  73  7:46  Ravager  
  74  7:52  Baneling  
  74  8:01  Overlord  
  74  8:07  Baneling  
  74  8:12  Evolution Chamber, Drone  
  74  8:17  Roach  
  76  8:26  Roach  
  78  8:29  Zergling x2  
  78  8:36  Roach  
  78  8:40  Drone  
  81  8:50  Zergling x2  
  81  8:54  Roach  
  80  9:11  Baneling  
  80  9:16  Drone  
  73  9:19  Overlord  
  73  9:23  Zergling x2  
  74  9:28  Zergling x2  
  75  9:32  Baneling  
  75  9:35  Ravager  
  76  9:39  Drone  
  76  9:45  Zergling x2  
  78  9:48  Queen  
  80  9:53  Zergling x2  
  80  9:58  Baneling  
  81  10:03  Roach  
  83  10:07  Drone  
  83  10:12  Zergling x2  
  85  10:17  Hydralisk  
  85  10:20  Hydralisk  
  89  10:23  Queen  
  89  10:26  Overlord  
  91  10:30  Baneling  
  91  10:33  Drone  
  92  10:39  Roach  
  92  10:42  Hydralisk  
  96  10:46  Roach  
  98  10:52  Hydralisk  
  100  10:57  Zergling x2  
  101  11:07  Drone  
  102  11:12  Hydralisk  
  104  11:20  Overlord  
  104  11:24  Hydralisk  
  104  11:30  Drone  
  98  11:35  Roach  
  95  11:40  Roach  
  95  11:44  Hydralisk  
  80  12:14  Lurker Den  
  67  12:19  Overlord  
  52  12:24  Hive  
  52  12:28  Overseer  
  50  12:36  Roach  
  46  12:41  Hydralisk  
  45  12:44  Hydralisk  
  44  13:02  Roach  
  41  13:12  Drone  
  42  13:15  Drone  
  43  13:23  Roach  
  41  13:28  Roach  
  41  13:31  Roach  
  43  13:34  Hydralisk  
  43  13:39  Hydralisk  
  45  13:42  Overseer  
  45  13:49  Drone  
  46  13:56  Roach  
  46  13:58  Roach  
  46  14:01  Drone  
  49  14:04  Roach  
  49  14:06  Roach  
  53  14:10  Roach  
  53  14:11  Drone  
  53  14:16  Roach  
  54  14:18  Roach  
  54  14:21  Drone  
  55  14:24  Roach  
  55  14:27  Roach  
  55  14:30  Drone  
  53  14:33  Drone  
  53  14:35  Drone  
  53  14:38  Roach  
  57  14:40  Roach  
  57  14:41  Roach  
  57  14:44  Drone  
  61  14:46  Roach  
  61  14:48  Overlord  
  59  14:57  Hydralisk  
  59  14:59  Drone  
  50  15:18  Hydralisk  
  41  15:31  Drone  
  39  15:37  Drone  
  39  15:42  Drone  
  39  15:44  Infestation Pit  
  39  15:46  Drone  
  39  15:48  Drone  
  40  15:50  Viper  
  40  15:52  Overseer  
  40  15:54  Drone  
  44  15:58  Hydralisk Den  
  44  16:00  Viper  
  44  16:02  Overseer  
  44  16:24  Drone  
  44  16:25  Infestor  
  42  16:27  Hydralisk  
  42  16:31  Overlord  
  46  16:38  Drone  
  44  16:45  Drone  
  45  16:50  Drone  
  44  17:05  Infestor  
  38  17:20  Drone  
  36  17:24  Drone  
  36  17:27  Drone  
  35  17:34  Drone  
  29  17:49  Drone  
  25  18:00  Drone  
  26  18:12  Drone  
  27  18:19  Drone  
  28  18:20  Hydralisk Den  
  28  18:23  Drone  
  28  18:28  Drone  
  28  18:32  Drone  
  30  18:43  Drone  
  31  18:55  Hydralisk  
  33  19:03  Hydralisk  
  33  19:04  Infestation Pit  
  34  19:12  Spire  
  33  19:18  Lurker Den  
  33  19:19  Hydralisk  
  33  19:23  Hydralisk  
  37  19:37  Hydralisk  
  39  19:39  Hatchery  
  39  19:40  Hydralisk  
  37  20:00  Hydralisk  
  37  20:03  Overlord  
  39  20:13  Infestor  
  41  20:30  Hydralisk  
  41  20:34  Hydralisk  
  41  20:35  Ultralisk Cavern  
  36  21:02  Drone  
  36  21:03  Hydralisk  
  39  21:06  Drone  
  39  21:08  Hydralisk  
  39  21:09  Extractor, Mutalisk  
  42  21:14  Drone  
  42  21:19  Spawning Pool  
  35  21:28  Drone  
  35  21:31  Drone  
  25  21:35  Hydralisk  
  17  21:48  Mutalisk  
  12  21:57  Evolution Chamber  
  8  22:08  Drone  
  7  22:11  Drone  
Show
View Real Time Build Order
Export as new Build Order

A.I. 6 (Elite) Zerg - Winner!

Build Orders: Pool First, Zergling Baneling 

Get SALT Encoding   

  12  0:01  Drone  
  13  0:08  Drone  
  14  0:19  Overlord  
  14  0:36  Spawning Pool  
  14  0:37  Extractor  
  14  0:39  Drone  
  13  0:44  Drone  
  13  0:48  Drone  
  15  1:23  Queen, Zergling x4  
  15  1:24  Zergling x2  
  20  1:34  Zergling x2  
  21  1:42  Baneling Nest  
  21  1:45  Drone  
  21  1:55  Zergling x2  
  22  2:06  Overlord  
  22  2:25  Zergling x2  
  22  2:27  Baneling  
  22  2:28  Zergling x2  
  22  2:29  Baneling  
  24  2:31  Zergling x2  
  24  2:32  Zergling x2  
  24  2:34  Zergling x2  
  24  2:35  Baneling  
  24  2:36  Baneling  
  27  2:37  Baneling  
  27  2:41  Zergling x2  
  27  2:43  Baneling  
  28  2:44  Baneling  
  28  2:51  Baneling  
  28  2:52  Zergling x2  
  29  3:02  Overlord  
  29  3:04  Zergling x2  
  30  3:20  Zergling x2  
  30  3:21  Zergling x2  
  30  3:23  Zergling x2  
  33  3:34  Zergling x2  
  33  3:35  Zergling x2  
  33  3:36  Zergling x2  
  33  3:37  Baneling  
  33  3:38  Zergling x2  
  33  3:39  Baneling  
  37  3:43  Baneling  
  37  3:46  Zergling x2  
  28  3:58  Zergling x2  
  29  4:07  Zergling x2  
  29  4:08  Zergling x2  
  31  4:12  Zergling x2  
  31  4:13  Baneling  
  31  4:14  Baneling  
  31  4:16  Baneling  
  32  4:17  Zergling x2  
  33  4:24  Extractor  
  33  4:25  Drone  
  33  4:26  Baneling  
  33  4:32  Drone  
  33  4:38  Drone  
  35  4:50  Overlord  
  32  5:07  Roach Warren  
  28  5:28  Lair  
  21  5:51  Roach  
  23  6:07  Roach  
  25  6:16  Roach  
  26  6:26  Roach  
  26  6:29  Hydralisk Den  
  26  6:34  Drone  
  27  6:42  Drone  
  27  6:45  Drone  
  29  6:56  Drone  
  29  6:59  Drone  
  31  7:02  Hydralisk  
  33  7:10  Hydralisk  
  35  7:19  Hydralisk  
  37  7:28  Hydralisk  
  36  7:34  Zergling x2  
  37  7:39  Zergling x2  
  39  7:44  Drone  
  39  7:50  Drone  
  40  8:00  Overlord  
  40  8:04  Drone  
  41  8:07  Drone  
  43  8:12  Drone  
  43  8:18  Drone  
  43  8:22  Drone  
  43  8:25  Drone  
  45  8:28  Drone  
  45  8:33  Drone  
  47  8:54  Overseer  
  47  9:01  Overlord  
  47  9:05  Roach  
  47  9:06  Zergling x2  
  47  9:09  Roach  
  52  9:19  Roach  
  52  9:22  Overlord  
  54  9:25  Infestation Pit, Roach  
  54  9:28  Zergling x2  
  54  9:31  Drone  
  57  9:35  Zergling x2  
  58  9:41  Zergling x2  
  59  9:55  Zergling x2  
  60  10:02  Zergling x2  
  61  10:09  Overlord  
  61  10:14  Zergling x2  
  61  10:20  Zergling x2  
  49  10:32  Hatchery  
  49  10:33  Hydralisk  
  48  10:39  Drone  
  49  10:45  Hydralisk  
  49  10:51  Roach  
  49  10:55  Zergling x2  
  52  10:57  Hydralisk  
  52  11:01  Roach  
  56  11:08  Hydralisk  
  58  11:14  Infestor  
  60  11:19  Roach  
  60  11:23  Zergling x2  
  63  11:31  Infestor  
  65  11:35  Roach  
  67  11:49  Roach  
  67  11:54  Roach  
  67  11:58  Evolution Chamber, Drone  
  67  12:01  Drone  
  67  12:06  Drone  
  69  12:14  Hive  
  69  12:20  Roach  
  71  12:29  Overlord  
  71  12:33  Drone  
  72  12:37  Drone  
  72  12:42  Drone  
  69  12:46  Drone  
  69  12:49  Drone  
  69  12:55  Drone  
  65  12:58  Drone  
  65  13:03  Drone  
  64  13:06  Drone  
  64  13:10  Zergling x2  
  66  13:14  Drone  
  66  13:16  Drone  
  68  13:20  Drone  
  69  13:32  Zergling x2  
  70  13:35  Zergling x2  
  70  13:36  Ultralisk Cavern  
  70  13:39  Zergling x2  
  71  13:43  Zergling x2  
  71  13:47  Zergling x2  
  73  14:02  Extractor  
  72  14:03  Roach  
  72  14:05  Hydralisk  
  76  14:11  Overlord  
  76  14:14  Infestor  
  76  14:15  Evolution Chamber  
  77  14:18  Zergling x2  
  77  14:21  Extractor, Zergling x2  
  78  14:24  Roach  
  78  14:27  Roach  
  77  14:31  Zergling x2  
  77  14:34  Drone  
  76  14:40  Roach  
  76  14:42  Evolution Chamber  
  76  14:43  Roach  
  79  14:48  Hydralisk  
  79  14:52  Overlord  
  81  14:58  Drone  
  82  15:02  Drone  
  82  15:06  Hydralisk  
  80  15:08  Infestor  
  71  15:17  Drone  
  70  15:21  Zergling x2  
  70  15:25  Zergling x2  
  69  15:29  Hydralisk  
  69  15:35  Roach  
  73  15:40  Roach  
  75  15:46  Roach  
  75  15:48  Hydralisk  
  79  15:54  Zergling x2  
  79  15:56  Hydralisk  
  82  15:59  Hydralisk  
  82  16:01  Infestor  
  86  16:08  Ultralisk  
  92  16:15  Ultralisk  
  98  16:19  Overlord  
  98  16:27  Hydralisk  
  100  16:37  Queen  
  102  16:48  Ultralisk  
  102  16:53  Overlord  
  108  17:09  Ultralisk  
  108  17:15  Overlord  
  114  17:24  Hydralisk  
  116  17:31  Hydralisk  
  118  17:42  Overlord  
  118  17:48  Infestor  
  120  18:12  Hydralisk  
  122  18:26  Hydralisk  
  124  18:29  Overlord  
  124  18:31  Hydralisk  
  126  18:36  Roach  
  128  18:45  Overseer  
  128  18:51  Roach  
  128  18:54  Roach  
  132  19:00  Overlord  
  131  19:08  Roach  
  126  19:13  Hydralisk  
  126  19:17  Hydralisk  
  128  19:21  Roach  
  131  19:26  Queen  
  133  19:32  Overlord  
  133  19:39  Zergling x2  
  133  19:42  Zergling x2  
  129  19:55  Queen  
  131  20:11  Roach  
  133  20:28  Zergling x2  
  133  20:33  Hydralisk  
  136  20:41  Overlord  
  136  20:47  Hydralisk  
  138  20:53  Roach  
  140  20:59  Roach  
  142  21:06  Hydralisk  
  144  21:11  Zergling x2  
  144  21:17  Overlord  
  145  21:26  Overseer  
  145  21:30  Hydralisk  
  145  21:37  Roach  
  147  21:40  Hydralisk  
  147  21:45  Overlord  
  145  22:27  Zerg Melee Weapons Level 1  
  144  22:30  Zerg Missile Weapons Level 1  
  144  22:34  Zerg Ground Armor Level 1  
  144  23:21  Spine Crawler  
  143  24:08  Hatchery  
  142  24:48  Spine Crawler  
Show
View Real Time Build Order
Export as new Build Order

A.I. 7 (Elite) Terran 

Build Orders: MMM Bio 

Get SALT Encoding   

  12  0:01  SCV  
  13  0:13  SCV  
  14  0:19  Supply Depot  
  14  0:26  SCV  
  15  0:41  SCV  
  16  0:45  Barracks  
  16  0:47  Refinery  
  16  0:53  SCV  
  17  1:05  SCV  
  17  1:06  Barracks  
  18  1:17  SCV  
  19  1:32  Marine  
  20  1:34  Orbital Command  
  20  1:46  Barracks  
  20  1:50  Marine  
  21  1:54  Marine  
  21  1:57  Supply Depot  
  21  2:00  SCV  
  23  2:08  Barracks Tech Lab  
  23  2:13  Barracks Tech Lab  
  23  2:20  SCV  
  24  2:26  Marine  
  25  2:31  Marine  
  25  2:32  Stimpack  
  25  2:33  Marine  
  25  2:34  Concussive Shells  
  27  2:37  Supply Depot  
  27  2:44  Marine  
  27  2:46  SCV  
  27  2:49  Marine  
  27  2:50  Marine  
  31  3:02  Marauder  
  33  3:06  Marine  
  33  3:08  Marine  
  33  3:11  Supply Depot  
  35  3:21  SCV  
  35  3:24  Marine, Marauder  
  35  3:26  Combat Shields  
  39  3:32  Supply Depot, Marine  
  40  3:42  Refinery, SCV, Marine  
  40  3:45  Marauder  
  44  3:54  SCV  
  45  4:00  Marauder  
  47  4:07  SCV  
  48  4:20  SCV, Marauder  
  48  4:22  Supply Depot  
  51  4:25  Marauder  
  53  4:32  SCV  
  54  4:42  Marauder  
  55  4:51  Marauder  
  55  4:52  Command Center  
  55  4:53  Marine  
  54  5:03  Marine  
  50  5:10  Marine  
  50  5:12  Marine  
  49  5:20  Marine  
  50  5:28  Marine  
  50  5:30  Marauder  
  53  5:39  Marauder  
  55  5:46  Marine  
  56  5:51  Marine  
  56  5:53  Supply Depot  
  56  6:00  Marine  
  57  6:04  Marine  
  57  6:10  Marauder  
  60  6:13  Engineering Bay, SCV  
  60  6:16  SCV  
  60  6:17  Refinery  
  60  6:18  Marauder  
  64  6:22  Marine  
  64  6:25  SCV  
  66  6:28  SCV  
  66  6:30  Marine  
  68  6:37  SCV  
  68  6:39  Marauder  
  71  6:40  Marine  
  71  6:42  SCV  
  73  6:47  Terran Infantry Armor Level 1  
  73  6:49  SCV  
  73  6:54  SCV  
  75  7:00  Marine  
  76  7:01  SCV  
  76  7:02  Marine  
  76  7:06  Marine  
  79  7:09  SCV  
  80  7:18  Command Center  
  80  7:19  Marauder  
  80  7:20  Marine  
  83  7:25  Marauder  
  83  7:29  SCV  
  86  7:35  Supply Depot  
  86  7:50  SCV  
  85  7:54  Marine  
  85  7:57  SCV  
  80  8:00  Marine  
  80  8:04  SCV  
  78  8:07  Marine  
  78  8:08  Supply Depot  
  78  8:12  Marine  
  74  8:18  SCV, Marine  
  73  8:25  Marine  
  74  8:30  Marauder  
  67  8:40  Marine  
  67  8:43  Engineering Bay  
  67  8:44  SCV  
  68  8:49  Orbital Command  
  68  8:51  Marine  
  68  8:55  Marine  
  70  8:58  Marine  
  71  9:03  SCV  
  71  9:09  Marauder  
  74  9:13  Marine  
  74  9:15  SCV  
  74  9:16  Marine  
  76  9:21  SCV  
  77  9:26  SCV  
  77  9:31  SCV  
  79  9:35  SCV  
  80  9:39  SCV  
  81  9:47  SCV  
  81  9:48  Marine  
  81  9:52  Marine  
  84  9:54  Orbital Command  
  84  9:55  SCV  
  84  9:59  Marine  
  85  10:05  Marine  
  87  10:07  SCV  
  87  10:10  Marine  
  89  10:18  Marauder  
  89  10:20  SCV  
  92  10:23  Marine  
  76  10:36  SCV  
  76  10:38  Marine  
  76  10:42  Marine  
  79  10:46  Marauder  
  79  10:49  SCV  
  82  10:55  SCV  
  82  10:56  Marine  
  84  11:03  SCV  
  85  11:07  SCV  
  85  11:08  Ghost Academy  
  85  11:10  SCV  
  87  11:15  SCV  
  87  11:17  Refinery  
  88  11:23  SCV  
  89  11:26  SCV  
  89  11:29  Refinery  
  89  11:32  SCV  
  91  11:38  SCV  
  92  11:40  Marauder  
  92  11:43  SCV  
  92  11:46  Marauder  
  97  12:02  SCV  
  97  12:05  SCV  
  97  12:11  SCV  
  93  12:15  Marine  
  93  12:18  Marine  
  95  12:23  Marine  
  96  12:33  Ghost  
  96  12:36  Marine  
  99  12:48  Marine  
  100  12:54  Marine  
  96  12:59  SCV  
  96  13:03  SCV  
  96  13:04  Command Center  
  87  13:09  Marine  
  87  13:11  SCV  
  66  13:13  Marine  
  66  13:17  Marauder  
  69  13:20  SCV  
  66  13:27  Marine  
  66  13:31  Marine  
  64  13:42  Marine  
  64  13:46  SCV  
  59  13:48  Marine  
  56  13:56  Marine  
  56  14:01  Marauder  
  56  14:02  SCV  
  60  14:04  SCV  
  61  14:10  Marine  
  61  14:14  Marine  
  61  14:22  Marine  
  62  14:28  Marauder  
  64  14:31  Marine  
  65  14:39  Marine  
  66  14:56  Marauder  
  70  15:00  Marauder  
  70  15:18  Marauder  
  70  15:21  Marine  
  64  15:24  Marine  
  56  15:45  Marine  
  37  17:22  Engineering Bay  
  37  17:35  Engineering Bay  
  35  17:53  Supply Depot  
  35  18:00  Supply Depot  
Show
View Real Time Build Order
Export as new Build Order

A.I. 8 (Elite) Zerg - Winner!

Build Orders: Pool First 

Get SALT Encoding   

  12  0:01  Drone  
  13  0:13  Overlord  
  13  0:18  Drone  
  14  0:31  Drone  
  15  0:40  Spawning Pool  
  15  0:42  Drone  
  15  0:46  Drone  
  16  0:51  Drone  
  16  0:53  Extractor  
  16  0:56  Drone  
  17  1:07  Drone  
  18  1:18  Drone  
  19  1:30  Queen, Roach Warren  
  19  1:31  Drone  
  21  1:39  Zergling x2  
  22  1:49  Overlord  
  22  2:00  Overlord  
  22  2:11  Roach  
  24  2:22  Roach  
  26  2:32  Roach  
  26  2:36  Roach  
  30  2:37  Roach  
  30  2:39  Roach  
  30  2:44  Overlord  
  34  2:55  Roach  
  36  3:06  Roach  
  36  3:08  Roach  
  36  3:10  Roach x2  
  44  3:17  Overlord  
  44  3:28  Roach  
  46  3:39  Roach  
  48  3:41  Roach  
  48  3:42  Drone  
  48  3:43  Overlord  
  51  3:49  Extractor  
  51  3:51  Roach  
  52  4:02  Zergling x2  
  52  4:13  Zergling x2  
  52  4:16  Lair  
  52  4:17  Drone  
  54  4:18  Overlord  
  54  4:27  Drone  
  55  4:35  Drone  
  55  4:45  Drone  
  55  4:49  Zergling x2  
  55  4:52  Drone  
  46  4:53  Drone  
  42  5:01  Zergling x2  
  41  5:13  Drone  
  42  5:16  Drone  
  42  5:18  Drone, Hydralisk Den  
  43  5:22  Drone  
  43  5:23  Zergling x2  
  45  5:32  Baneling Nest  
  45  5:34  Drone  
  45  5:44  Hatchery  
  44  5:52  Hydralisk  
  44  5:56  Drone  
  47  5:58  Zergling x2  
  47  6:00  Hydralisk  
  50  6:05  Hydralisk  
  52  6:16  Hydralisk  
  54  6:19  Hydralisk  
  54  6:23  Zergling x2  
  54  6:24  Hydralisk  
  59  6:26  Baneling  
  59  6:29  Zergling x2  
  60  6:41  Zergling x2  
  60  6:45  Baneling  
  61  6:47  Baneling  
  61  6:53  Roach  
  63  6:55  Overlord  
  63  6:58  Zergling x2  
  63  7:01  Roach  
  66  7:02  Zergling x2  
  67  7:08  Baneling  
  67  7:11  Overseer  
  67  7:12  Drone  
  67  7:15  Drone  
  69  7:18  Drone  
  70  7:23  Drone  
  70  7:26  Zergling x2  
  70  7:29  Drone  
  73  7:35  Zergling x2  
  74  7:38  Overlord  
  74  7:42  Drone  
  75  7:46  Zergling x2  
  75  7:50  Baneling  
  76  7:54  Baneling  
  76  8:02  Extractor, Drone  
  70  8:09  Zergling x2  
  59  8:13  Baneling  
  59  8:15  Drone  
  59  8:16  Evolution Chamber, Hydralisk  
  54  8:20  Roach  
  54  8:23  Roach  
  54  8:24  Extractor  
  54  8:25  Zergling x2  
  56  8:29  Zergling x2  
  56  8:31  Drone  
  58  8:34  Hydralisk  
  58  8:38  Baneling  
  60  8:42  Roach  
  60  8:45  Zergling x2  
  63  8:49  Drone  
  63  8:53  Zergling x2  
  65  8:59  Evolution Chamber  
  65  9:00  Hydralisk  
  66  9:05  Roach  
  66  9:08  Zergling x2  
  66  9:12  Drone  
  66  9:15  Zergling x2  
  61  9:18  Drone  
  61  9:21  Roach  
  64  9:24  Hydralisk  
  64  9:27  Roach  
  64  9:29  Zergling x2  
  69  9:34  Hydralisk  
  71  9:44  Evolution Chamber, Drone  
  71  9:48  Roach  
  73  9:53  Zergling x2  
  73  9:57  Roach  
  76  10:01  Roach  
  76  10:03  Hydralisk  
  80  10:07  Overlord  
  80  10:10  Drone  
  81  10:15  Roach  
  83  10:25  Hydralisk  
  85  10:31  Infestation Pit, Drone  
  85  10:34  Roach  
  87  10:38  Overlord  
  87  10:41  Hydralisk  
  89  10:45  Drone  
  90  10:50  Drone  
  90  10:57  Drone  
  92  11:01  Baneling  
  92  11:04  Hatchery  
  92  11:08  Hive  
  92  11:10  Overlord  
  91  11:15  Drone  
  92  11:18  Drone  
  92  11:22  Zergling x2  
  94  11:28  Roach  
  94  11:31  Drone  
  97  11:34  Roach  
  97  11:38  Overlord  
  99  11:44  Drone  
  100  11:47  Drone  
  100  11:52  Drone  
  102  11:56  Drone  
  103  12:02  Roach  
  103  12:05  Overlord  
  105  12:12  Drone  
  106  12:16  Roach  
  106  12:22  Roach  
  110  12:27  Drone  
  110  12:33  Baneling  
  110  12:39  Drone  
  110  12:43  Drone  
  112  12:48  Drone  
  113  12:52  Overlord  
  113  12:57  Hydralisk  
  115  12:58  Extractor  
  115  13:00  Drone  
  115  13:05  Drone  
  116  13:09  Drone  
  117  13:14  Drone  
  117  13:17  Extractor, Overseer  
  117  13:22  Overlord  
  117  13:27  Drone  
  117  13:34  Drone  
  119  13:38  Drone  
  120  13:43  Drone  
  120  13:48  Overlord  
  121  13:52  Drone  
  122  13:56  Queen  
  122  14:02  Drone  
  125  14:04  Queen  
  124  14:10  Drone  
  124  14:15  Zergling x2  
  118  14:20  Drone  
  118  14:23  Zergling x2  
  108  14:28  Zergling x2  
  105  14:31  Viper  
  105  14:35  Zergling x2  
  99  14:40  Zergling x2  
  99  14:44  Hydralisk  
  94  14:50  Zergling x2  
  93  14:56  Zergling x2  
  92  15:02  Roach  
  92  15:06  Hydralisk  
  96  15:10  Zergling x2  
  97  15:16  Hydralisk  
  97  15:20  Zergling x2  
  100  15:25  Viper  
  103  15:33  Overseer  
  103  15:42  Queen  
  103  15:46  Zergling x2  
  106  15:50  Roach  
  106  15:54  Roach  
  110  15:59  Roach  
  110  16:01  Hydralisk  
  114  16:06  Hydralisk  
  116  16:11  Hydralisk  
  116  16:16  Overseer  
  118  16:26  Hydralisk  
  120  16:36  Hydralisk  
  122  16:42  Hydralisk  
  124  17:00  Viper  
  127  17:10  Overlord  
  127  17:23  Viper  
  130  17:39  Roach  
  130  17:42  Hydralisk  
  134  17:49  Overlord  
  134  17:54  Roach  
  136  18:00  Hydralisk  
  138  18:06  Roach  
  140  18:13  Hydralisk  
  142  18:33  Overlord  
  142  18:48  Hydralisk  
  144  18:56  Hydralisk  
  144  18:59  Overlord  
  146  19:07  Hydralisk  
  145  19:12  Hydralisk  
  147  19:18  Hydralisk  
  148  19:41  Infestor  
  150  19:46  Infestor  
  150  19:51  Infestor  
  154  19:56  Overlord  
  154  20:03  Infestor  
  153  20:08  Infestor  
  150  20:14  Roach  
  150  20:19  Viper  
  153  20:23  Infestor  
  155  20:29  Roach  
  155  20:33  Hydralisk  
  159  20:40  Infestor  
  161  20:46  Overlord  
  161  20:53  Roach  
  161  20:56  Infestor  
  165  21:02  Zergling x2  
  166  21:07  Hydralisk  
  168  21:13  Infestor  
  168  21:16  Hydralisk  
  172  22:00  Infestor  
  174  22:13  Infestor  
  176  22:40  Infestor  
  169  23:15  Roach  
  170  23:21  Zergling x2  
  171  23:55  Ultralisk Cavern  
  170  24:24  Hatchery  
  169  24:47  Ultralisk  
  169  24:50  Ultralisk  
  181  24:53  Ultralisk  
  181  24:56  Ultralisk  
  193  25:03  Spire  
Show
View Real Time Build Order
Export as new Build Order

A.I. 9 (Elite) Terran 

Build Orders:  

Get SALT Encoding   

  12  0:01  SCV  
  13  0:14  SCV  
  14  0:19  Supply Depot  
  14  0:26  SCV  
  15  0:41  SCV  
  16  0:48  Barracks  
  16  0:53  SCV  
  17  1:05  SCV  
  18  1:17  SCV  
  19  1:19  Supply Depot  
  19  1:24  Refinery  
  19  1:29  SCV  
  20  1:36  Marine  
  21  1:41  SCV  
  22  1:53  SCV  
  23  1:54  Marine  
  23  1:58  Barracks  
  23  2:00  Refinery  
  24  2:06  Orbital Command, Supply Depot  
  24  2:12  Marine  
  25  2:29  Marine  
  25  2:32  SCV  
  27  2:44  SCV  
  27  2:49  Command Center  
  28  2:52  Marine  
  29  3:04  SCV  
  30  3:06  Marine  
  30  3:10  Marine  
  32  3:17  SCV  
  33  3:24  Marine  
  34  3:28  Marine  
  34  3:29  SCV  
  34  3:32  Factory  
  35  3:41  SCV, Marine  
  31  3:46  Marine  
  33  3:53  Supply Depot, SCV  
  33  3:59  Marine  
  34  4:03  Orbital Command  
  34  4:04  Barracks Tech Lab  
  31  4:18  Barracks Tech Lab  
  31  4:23  Marine  
  32  4:36  Starport  
  32  4:37  Marine  
  32  4:41  Marine  
  33  4:53  Barracks  
  33  4:54  Marine  
  33  4:58  Marine  
  35  5:06  Factory Tech Lab  
  35  5:12  Marine  
  35  5:13  Medivac  
  38  5:17  Marauder  
  38  5:18  Command Center  
  40  5:30  Marine  
  41  5:38  Marine  
  41  5:40  Marine  
  41  5:42  Hellion  
  45  5:44  Supply Depot  
  45  5:48  Marine  
  45  5:53  Medivac  
  45  5:55  Marine  
  48  6:01  Barracks Reactor  
  48  6:04  Siege Tank  
  48  6:06  Marauder  
  53  6:13  Marine  
  53  6:15  Supply Depot  
  54  6:28  Marauder  
  54  6:31  Marine  
  50  6:34  SCV  
  50  6:37  SCV  
  50  6:38  Refinery  
  53  6:40  SCV  
  53  6:44  Refinery  
  53  6:46  SCV, Marine  
  55  6:49  SCV  
  55  6:50  Marauder  
  55  6:54  SCV  
  59  6:55  Marine  
  59  6:58  SCV  
  59  7:00  Marine  
  62  7:04  SCV  
  62  7:06  Marine  
  64  7:09  SCV  
  64  7:12  Marine  
  64  7:15  Marine  
  61  7:17  SCV  
  61  7:21  Marine  
  63  7:24  SCV  
  63  7:26  Marine  
  63  7:29  SCV  
  66  7:34  SCV  
  67  7:37  Marine  
  67  7:40  SCV  
  67  7:44  Marine  
  70  7:45  Marine  
  70  7:46  Supply Depot  
  70  7:48  Marine  
  72  7:51  SCV  
  72  7:55  Marauder  
  67  8:01  Marine  
  67  8:03  SCV  
  67  8:05  Marine  
  66  8:10  Marine  
  68  8:14  Siege Tank  
  71  8:20  Marine  
  71  8:25  Marauder  
  73  8:27  Command Center  
  73  8:29  SCV  
  73  8:33  Marine  
  73  8:37  Marine  
  73  8:44  SCV  
  73  8:45  Supply Depot  
  73  8:46  Hellion  
  73  8:48  Marine  
  73  8:52  Marine  
  75  8:57  Marine  
  75  9:00  Engineering Bay  
  76  9:05  SCV  
  76  9:06  Marauder  
  79  9:10  Siege Tank, Engineering Bay  
  79  9:15  SCV  
  83  9:18  Marauder  
  85  9:28  SCV  
  86  9:32  Supply Depot  
  86  9:33  SCV  
  86  9:37  Marauder  
  89  9:42  SCV  
  90  9:47  Marauder  
  90  9:51  SCV  
  93  9:58  Siege Tank  
  93  9:59  Marauder  
  98  10:02  SCV  
  97  10:10  Marauder  
  97  10:13  Supply Depot  
  84  10:14  SCV  
  84  10:16  Marine  
  84  10:21  Marine  
  84  10:28  SCV  
  85  10:33  Marine  
  86  10:37  Marine  
  87  10:43  Marine  
  87  10:46  SCV  
  87  10:48  Refinery, Marine  
  87  10:49  Orbital Command  
  90  10:51  Liberator, Marine  
  90  10:55  Marine  
  92  10:57  SCV  
  92  11:01  Marine  
  94  11:05  SCV  
  97  11:17  SCV  
  98  11:22  SCV  
  99  11:26  Marine  
  99  11:30  Marine  
  101  11:34  Marine  
  101  11:35  Planetary Fortress, Liberator  
  102  11:42  SCV  
  102  11:45  Missile Turret  
  102  11:46  Marine  
  100  11:49  Marine  
  102  11:58  Missile Turret  
  103  12:02  SCV  
  103  12:03  Refinery  
  103  12:04  Widow Mine  
  103  12:05  Marine  
  105  12:09  Marine  
  104  12:16  Marine  
  104  12:20  Marine  
  104  12:30  SCV  
  104  12:33  Marine  
  104  12:36  Marine  
  94  12:38  Starport Tech Lab  
  94  12:41  Marine  
  87  12:44  SCV  
  87  12:46  Supply Depot  
  87  12:47  Marine  
  79  12:57  Marine  
  73  13:01  Widow Mine, Marine  
  73  13:05  SCV  
  70  13:11  Fusion Core  
  70  13:12  Marine  
  71  13:15  Marine  
  71  13:18  Marauder  
  74  13:24  Marine  
  75  13:27  Medivac  
  75  13:30  Marine, Widow Mine  
  78  13:34  SCV  
  78  13:38  Marine  
  77  13:45  Marine  
  78  13:52  Marine  
  78  13:57  Medivac  
  78  14:00  SCV  
  78  14:01  Widow Mine  
  79  14:03  Marine  
  79  14:04  Ghost Academy  
  79  14:05  Marine  
  79  14:08  Marine  
  82  14:15  Armory, Marine  
  82  14:21  Marine  
  82  14:22  Marine  
  83  14:24  Supply Depot  
  83  14:26  Marine  
  83  14:33  Marine  
  83  14:37  Missile Turret  
  81  14:39  Marine  
  81  14:40  Marine  
  81  14:41  Viking  
  75  14:53  Armory  
  75  14:56  Marine  
  72  15:00  Marine  
  72  15:02  Widow Mine  
  72  15:05  Missile Turret  
  72  15:06  SCV  
  71  15:11  SCV  
  72  15:22  Command Center  
  72  15:23  Siege Tank  
  72  15:26  Marine  
  75  15:33  Marine  
  74  15:42  SCV  
  73  15:58  Marine  
  73  16:03  Widow Mine  
  72  16:06  Marauder  
  69  16:24  Marine  
  66  16:27  Ghost  
  66  16:35  Siege Tank  
  66  16:38  Medivac  
  70  16:45  SCV  
  69  16:48  Refinery  
  69  16:49  SCV  
  69  16:51  Planetary Fortress  
  69  16:53  SCV  
  69  16:57  SCV  
  70  17:01  SCV  
  70  17:06  SCV  
  72  17:11  SCV  
  72  17:15  SCV  
  72  17:19  SCV  
  74  17:24  Refinery, SCV  
  74  17:27  SCV  
  76  17:31  Starport, SCV  
  76  17:36  SCV  
  78  17:40  SCV  
  78  17:44  Armory, SCV  
  80  17:47  SCV  
  80  17:50  SCV  
  77  17:53  Ghost  
  77  17:57  SCV  
  80  18:01  SCV  
  81  18:05  SCV  
  81  18:09  SCV  
  81  18:12  Ghost  
  83  18:13  Liberator  
  83  18:16  Liberator  
  83  18:19  Liberator  
  85  18:22  Marauder  
  96  18:58  Supply Depot  
  96  19:03  Ghost  
  98  19:12  Hellion  
  75  19:26  SCV  
  75  19:29  Marauder  
  72  19:32  SCV  
  72  19:34  Supply Depot  
  72  19:35  Thor  
  72  19:36  Liberator  
  72  19:38  Marauder  
  81  19:43  SCV  
  82  19:50  Ghost  
  81  19:56  SCV  
  85  20:03  SCV  
  85  20:04  Viking  
  85  20:07  SCV  
  85  20:09  Viking  
  85  20:11  Ghost  
  79  20:14  SCV  
  79  20:20  Marauder  
  49  21:27  Command Center  
  40  23:09  Refinery  
  40  23:38  Refinery  
  40  23:44  Supply Depot  
  40  23:47  Supply Depot  
  32  24:06  Engineering Bay  
  32  24:07  SCV  
  32  24:09  SCV  
  26  24:20  SCV  
  26  24:21  SCV  
  21  24:32  SCV  
  21  24:33  SCV  
  17  24:45  SCV  
  16  24:57  SCV  
Show
View Real Time Build Order
Export as new Build Order

A.I. 10 (Elite) Terran - Winner!

Build Orders: MMM Bio 

Get SALT Encoding   

  12  0:01  SCV  
  13  0:14  SCV  
  14  0:20  Supply Depot  
  14  0:26  SCV  
  15  0:41  SCV  
  16  0:47  Barracks  
  16  0:49  Refinery  
  16  0:53  SCV  
  17  1:05  Barracks, SCV  
  18  1:18  SCV  
  19  1:34  Marine  
  19  1:36  Orbital Command  
  20  1:46  Barracks  
  20  1:51  Marine  
  20  1:52  Marine  
  22  2:03  Supply Depot  
  22  2:04  SCV  
  23  2:11  Barracks Tech Lab  
  23  2:13  Barracks Tech Lab  
  23  2:25  SCV  
  23  2:29  Marine  
  25  2:31  Marine  
  25  2:33  Marine  
  25  2:34  Concussive Shells, Stimpack  
  27  2:45  Supply Depot  
  27  2:46  Marine  
  27  2:48  Marine  
  27  2:51  SCV, Marine  
  31  3:06  Marauder  
  31  3:07  Marauder  
  31  3:09  Marine  
  36  3:17  Supply Depot  
  36  3:25  SCV  
  36  3:27  Marine x2  
  36  3:28  Marine  
  36  3:29  Combat Shields  
  39  3:44  Refinery  
  39  3:45  SCV  
  40  3:57  SCV  
  38  4:08  Marine  
  38  4:09  SCV  
  38  4:12  Factory  
  38  4:21  SCV  
  39  4:29  Marine  
  39  4:30  Supply Depot  
  40  4:33  Marine  
  41  4:43  Marauder  
  41  4:45  SCV  
  44  4:48  Marauder  
  44  4:51  Marine  
  47  4:57  SCV  
  48  5:00  Supply Depot  
  48  5:05  Marauder  
  50  5:09  Marauder  
  50  5:12  Starport  
  52  5:20  Marine  
  52  5:26  Marauder  
  54  5:29  Hellion  
  54  5:30  Marauder  
  54  5:35  Supply Depot  
  58  5:38  Marine  
  58  5:45  Command Center  
  58  5:47  Marauder  
  59  5:52  Marauder  
  59  5:56  Marine  
  57  6:04  Engineering Bay  
  57  6:09  Marine  
  58  6:13  Marine  
  58  6:18  Marine  
  60  6:29  Marine  
  60  6:30  Marine  
  62  6:35  Marine  
  63  6:40  Engineering Bay  
  63  6:47  Marine  
  63  6:48  Marine  
  63  6:49  Supply Depot, Terran Infantry Weapons Level 1  
  65  6:57  Barracks Reactor  
  65  6:59  SCV  
  65  7:00  SCV  
  67  7:06  Marine x2  
  69  7:11  SCV  
  69  7:15  SCV  
  71  7:23  SCV  
  71  7:24  Terran Infantry Armor Level 1, Marauder  
  71  7:27  SCV  
  75  7:35  SCV  
  76  7:39  SCV  
  77  7:47  SCV  
  77  7:50  Marine  
  79  7:52  Orbital Command  
  79  7:56  Factory Tech Lab  
  79  7:59  SCV  
  78  8:11  SCV, Marauder  
  81  8:13  Marauder  
  81  8:15  Siege Tank  
  86  8:24  Command Center  
  85  8:35  SCV  
  85  8:39  SCV  
  86  8:44  Marauder  
  86  8:47  SCV  
  74  8:52  Marine  
  59  8:56  Marine  
  59  8:59  Marine  
  61  9:04  Marine, Starport Reactor  
  61  9:06  SCV  
  63  9:10  Marine  
  64  9:17  Supply Depot, Marauder  
  64  9:20  Marine  
  64  9:23  Refinery, Marauder  
  69  9:25  SCV  
  69  9:28  Marine  
  71  9:34  Refinery  
  71  9:37  Marine  
  72  9:38  Siege Tank  
  72  9:42  Marauder  
  72  9:45  Marine  
  78  9:48  SCV  
  79  9:53  Marine  
  80  10:03  Marauder  
  82  10:11  Refinery, Hellion  
  82  10:14  Marine  
  84  10:19  Supply Depot, Marine  
  86  10:25  Marauder  
  88  10:29  SCV  
  88  10:32  Refinery  
  89  10:38  Siege Tank  
  92  10:55  Marine  
  93  11:01  Marauder  
  93  11:03  SCV  
  96  11:09  Supply Depot  
  96  11:12  Hellion  
  96  11:14  Orbital Command, Marauder  
  100  11:20  Unknown  
  100  11:22  Marauder  
  100  11:25  SCV  
  103  11:33  Siege Tank  
  103  11:35  Liberator  
  103  11:38  Marauder  
  108  11:43  Marauder  
  110  11:47  SCV  
  110  11:54  Liberator  
  114  11:59  Marauder  
  115  12:05  SCV, Marauder  
  121  12:17  Missile Turret  
  120  12:23  SCV  
  120  12:27  Marauder  
  123  12:31  Supply Depot  
  123  12:34  SCV  
  123  12:40  Marauder  
  122  12:44  SCV  
  122  12:49  Siege Tank  
  122  12:55  SCV  
  120  13:03  Medivac  
  117  13:07  SCV  
  117  13:11  Marine  
  116  13:17  Viking  
  114  13:28  Marine  
  114  13:33  Hellion  
  117  13:37  SCV  
  117  13:40  Command Center  
  118  13:41  Liberator, Marine  
  118  13:45  Medivac  
  113  13:54  Siege Tank  
  119  14:03  SCV  
  119  14:06  Marine  
  121  14:15  Medivac  
  121  14:16  Marauder  
  125  14:24  SCV  
  125  14:28  Marine  
  127  14:36  SCV  
  125  14:40  Marine  
  125  14:45  SCV  
  125  14:49  Marine  
  126  14:54  Medivac  
  126  14:58  Marine  
  127  15:02  Marine  
  127  15:06  SCV  
  129  15:09  Marine  
  129  15:12  Planetary Fortress  
  130  15:14  Viking  
  130  15:21  SCV  
  133  15:25  Marine  
  134  15:30  Viking  
  136  15:37  Marauder  
  136  15:39  SCV  
  139  15:43  Marine  
  137  15:50  SCV  
  137  15:51  Factory  
  137  15:52  Marine  
  137  15:56  SCV  
  137  15:59  Command Center  
  137  16:01  Marine  
  138  16:06  Marauder  
  138  16:08  Marine  
  141  16:11  Refinery, Marine  
  142  16:21  Marine  
  143  16:26  Marine  
  143  16:31  Marine  
  140  16:36  Viking  
  140  16:40  Marine  
  140  16:44  Marauder  
  141  16:47  SCV  
  141  16:52  Viking  
  141  16:55  SCV  
  141  17:01  Marauder  
  141  17:05  Marine  
  141  17:08  Supply Depot, Marine  
  142  17:13  Marine  
  139  17:24  SCV  
  139  17:27  SCV  
  136  17:31  SCV  
  136  17:35  Marauder  
  139  17:38  SCV  
  139  17:39  Planetary Fortress  
  135  17:47  Marauder  
  135  17:50  Marine  
  126  17:56  Marine  
  117  17:59  Unknown  
  117  18:00  Unknown, Medivac  
  112  18:08  Marauder  
  101  18:15  Marauder  
  101  18:16  Marine  
  103  18:20  Marine  
  103  18:22  Starport  
  104  18:29  Siege Tank, Marine  
  104  18:33  Ghost Academy  
  106  18:36  Marauder, Marine  
  106  18:37  Unknown  
  107  18:44  Unknown  
  107  18:45  Viking  
  107  18:47  Viking  
  105  18:54  Hellion  
  104  18:58  Marine  
  104  19:02  Hellion, Liberator  
  107  19:03  Viking  
  107  19:05  Marine  
  107  19:08  Refinery, Marauder  
  107  19:09  Marine  
  112  19:15  Viking  
  112  19:16  Marauder  
  120  19:24  Factory Tech Lab  
  120  19:25  Marine  
  120  19:28  Cyclone  
  124  19:32  Marauder  
  124  19:36  Marine  
  127  19:38  Liberator  
  127  19:47  Marine  
  127  19:51  Cyclone  
  131  19:55  Refinery  
  131  19:59  Marine  
  134  20:04  Marine  
  136  20:09  Cyclone  
  136  20:12  Supply Depot, Marine  
  140  20:15  Marine  
  140  20:18  Marine  
  142  20:22  Marine  
  143  20:31  Missile Turret  
  143  20:34  Hellion  
  145  20:38  Marauder  
  145  20:42  Hellion  
  149  20:46  Marauder  
  151  20:56  Hellion  
  153  21:01  Marauder  
  153  21:04  Missile Turret, Hellion  
  155  21:07  Marine  
  150  21:14  Marine  
  143  21:19  Marine  
  143  21:23  Marine  
  139  21:27  Viking  
  139  21:30  Viking  
  138  21:33  Unknown, Viking  
  138  21:34  Unknown x2  
  138  21:35  Supply Depot  
  138  21:36  Marine  
  143  21:40  Hellion  
  146  21:53  Ghost  
  148  21:57  Armory  
  148  21:59  Ghost  
  150  22:04  Cyclone  
  150  22:08  Marine  
  151  22:10  Marine  
  151  22:13  Barracks  
  151  22:26  Marine  
  151  22:30  Marine  
  152  22:37  Liberator  
  152  22:43  Siege Tank  
  155  22:46  Missile Turret  
  155  22:50  Command Center  
  161  23:08  Siege Tank  
  161  23:16  Starport Tech Lab, Supply Depot  
  161  23:21  Marauder  
  161  23:26  Hellion  
  165  23:29  Marauder  
  167  23:37  Viking  
  167  23:41  Armory  
  169  23:42  Marine  
  169  23:44  Viking  
  169  23:46  Siege Tank  
  175  23:48  Marine  
  175  23:51  Siege Tank  
  175  23:53  Viking  
  181  24:07  Factory  
  181  24:10  Marauder  
  181  24:11  Planetary Fortress  
  183  24:19  Viking  
  183  24:23  Thor  
  193  24:26  Widow Mine  
  193  24:28  Raven  
  195  24:40  Refinery  
  195  24:47  Hellion  
  199  25:02  Widow Mine  
  199  25:13  Missile Turret  
  199  25:36  Refinery  
Show
View Real Time Build Order
Export as new Build Order

A.I. 11 (Elite) Zerg 

Build Orders: Pool First 

Get SALT Encoding   

  12  0:01  Drone  
  13  0:13  Overlord  
  13  0:17  Drone  
  14  0:31  Drone  
  15  0:40  Spawning Pool  
  15  0:42  Drone  
  15  0:46  Drone  
  16  0:50  Drone  
  16  0:53  Extractor  
  16  0:56  Drone  
  17  1:07  Drone  
  18  1:17  Drone  
  19  1:30  Queen, Zergling x2  
  22  1:33  Roach Warren  
  22  1:38  Overlord  
  21  1:49  Drone  
  22  2:01  Overlord  
  22  2:13  Roach  
  26  2:23  Roach  
  26  2:35  Roach  
  28  2:38  Roach  
  28  2:39  Roach  
  28  2:40  Roach  
  34  2:45  Overlord  
  34  2:56  Roach  
  36  3:06  Roach  
  36  3:08  Roach  
  36  3:09  Roach  
  36  3:11  Roach  
  43  3:18  Roach  
  45  3:29  Overlord  
  45  3:39  Overlord  
  45  3:47  Zergling x2  
  46  3:49  Roach  
  46  3:51  Roach  
  50  3:58  Zergling x2  
  51  4:09  Baneling Nest  
  50  4:10  Zergling x2  
  50  4:13  Zergling x2  
  50  4:15  Zergling x2  
  50  4:16  Zergling x2  
  54  4:21  Zergling x2  
  55  4:33  Zergling x2  
  56  4:39  Extractor  
  56  4:45  Drone  
  56  4:48  Overlord  
  56  4:52  Drone  
  55  4:56  Lair  
  55  4:57  Baneling  
  55  4:59  Drone  
  54  5:03  Drone  
  54  5:06  Baneling  
  53  5:09  Baneling  
  53  5:12  Drone  
  52  5:16  Drone  
  52  5:18  Drone  
  49  5:22  Drone  
  49  5:24  Drone  
  49  5:26  Baneling  
  49  5:28  Baneling  
  49  5:33  Drone  
  36  5:44  Roach  
  36  5:48  Zergling x2  
  36  5:49  Roach  
  36  5:50  Zergling x2  
  36  5:56  Roach  
  39  5:59  Hydralisk Den  
  38  6:07  Roach  
  40  6:12  Overseer  
  40  6:18  Roach  
  42  6:21  Drone  
  43  6:27  Drone  
  43  6:31  Roach  
  46  6:34  Zergling x2  
  47  6:45  Roach  
  47  6:46  Hatchery  
  48  6:51  Drone  
  49  6:57  Roach  
  49  6:59  Hydralisk  
  49  7:01  Infestation Pit  
  52  7:08  Drone  
  53  7:14  Zergling x2  
  54  7:20  Zergling x2  
  55  7:23  Hydralisk  
  55  7:27  Zergling x2  
  58  7:30  Zergling x2  
  58  7:33  Hydralisk  
  61  7:43  Roach  
  63  7:48  Baneling  
  63  7:50  Baneling  
  63  7:53  Zergling x2  
  63  7:54  Baneling  
  63  7:58  Zergling x2  
  65  7:59  Zergling x2  
  65  8:02  Zergling x2  
  67  8:06  Drone  
  67  8:09  Drone  
  67  8:10  Drone  
  70  8:13  Extractor  
  70  8:19  Drone  
  70  8:22  Drone  
  70  8:23  Extractor  
  70  8:27  Baneling  
  70  8:31  Baneling  
  70  8:36  Drone  
  70  8:40  Zergling x2  
  72  8:48  Baneling  
  71  8:51  Baneling  
  72  8:55  Drone  
  72  8:59  Zergling x2  
  73  9:04  Baneling  
  73  9:08  Drone  
  74  9:18  Overlord  
  74  9:20  Evolution Chamber  
  73  9:25  Drone  
  74  9:33  Drone  
  74  9:37  Drone  
  76  9:40  Infestor  
  76  9:45  Overlord  
  78  9:48  Drone  
  68  9:53  Evolution Chamber, Infestor  
  68  9:57  Zergling x2  
  51  10:02  Zergling x2  
  48  10:07  Drone  
  48  10:11  Roach  
  48  10:12  Hydralisk  
  52  10:17  Zergling x2  
  52  10:21  Roach  
  55  10:26  Zergling x2  
  55  10:28  Drone  
  55  10:38  Hydralisk  
  55  10:42  Zergling x2  
  58  10:46  Roach  
  61  10:50  Drone  
  61  10:54  Zergling x2  
  62  10:57  Roach  
  62  11:01  Roach  
  66  11:04  Hydralisk  
  66  11:09  Hydralisk  
  70  11:13  Hydralisk  
  72  11:19  Zergling x2  
  72  11:24  Roach  
  75  11:29  Drone  
  76  11:35  Evolution Chamber  
  75  11:43  Zergling x2  
  76  11:48  Roach  
  76  11:50  Overlord  
  80  11:54  Roach  
  80  11:56  Hydralisk  
  82  12:02  Hydralisk  
  82  12:05  Spire  
  82  12:06  Hydralisk  
  85  12:12  Drone  
  86  12:17  Zergling x2  
  79  12:26  Overlord  
  77  12:33  Hive  
  77  12:35  Drone  
  78  12:40  Zergling x2  
  79  12:45  Zergling x2  
  79  12:51  Roach  
  82  12:55  Roach  
  86  12:58  Roach  
  86  13:01  Hydralisk  
  86  13:05  Hydralisk  
  89  13:10  Drone  
  89  13:13  Hydralisk  
  89  13:20  Overlord  
  89  13:23  Infestor  
  89  13:26  Roach  
  85  13:31  Roach  
  85  13:34  Drone  
  88  13:36  Zergling x2  
  88  13:41  Roach  
  91  13:44  Roach  
  85  13:49  Hydralisk  
  85  13:52  Roach  
  76  13:57  Hydralisk  
  76  14:00  Drone  
  67  14:04  Hydralisk  
  67  14:09  Overlord  
  69  14:14  Roach  
  71  14:18  Zergling x2  
  71  14:21  Zergling x2  
  73  14:25  Roach  
  73  14:30  Roach  
  77  14:34  Roach  
  77  14:37  Hydralisk  
  81  14:42  Zergling x2  
  81  14:45  Zergling x2  
  83  14:48  Roach  
  83  14:52  Zergling x2  
  86  14:57  Zergling x2  
  87  15:00  Hydralisk  
  89  15:07  Zergling x2  
  89  15:11  Hydralisk  
  92  15:16  Zergling x2  
  93  15:22  Hydralisk  
  93  15:28  Zergling x2  
  84  15:30  Hydralisk  
  84  15:33  Hydralisk  
  67  15:38  Corruptor  
  67  15:41  Hydralisk  
  67  15:44  Zergling x2  
  67  15:48  Roach  
  68  15:51  Roach  
  68  15:56  Zergling x2  
  71  15:59  Zergling x2  
  71  16:04  Roach  
  74  16:06  Hydralisk  
  74  16:11  Zergling x2  
  74  16:14  Zergling x2  
  74  16:17  Roach  
  75  16:20  Zergling x2  
  75  16:24  Roach  
  76  16:27  Zergling x2  
  76  16:31  Zergling x2  
  76  16:32  Hydralisk  
  65  16:35  Zergling x2  
  65  16:38  Zergling x2  
  67  16:46  Roach  
  63  16:48  Hydralisk  
  62  16:55  Roach  
  62  16:57  Zergling x2  
  62  17:00  Roach  
  62  17:03  Zergling x2  
  61  17:11  Zergling x2  
  53  17:19  Roach  
  49  17:32  Hydralisk  
  49  17:41  Zergling x2  
  49  17:44  Zergling x2  
  49  17:47  Zergling x2  
  49  17:49  Zergling x2  
  49  17:53  Drone  
  49  18:05  Baneling  
  48  18:07  Corruptor  
  48  18:20  Zergling x2  
  48  18:22  Zergling x2  
  48  18:25  Roach  
  43  18:28  Roach  
  43  18:31  Greater Spire  
  35  18:40  Drone  
  34  18:43  Drone  
  34  18:47  Drone  
  36  18:50  Hydralisk  
  36  18:53  Zergling x2  
  39  18:59  Hydralisk  
  41  19:11  Hydralisk  
  29  19:18  Zergling x2  
  29  19:23  Roach  
  23  19:26  Drone  
  17  19:32  Corruptor  
  16  19:40  Drone  
  16  19:42  Drone  
  15  19:45  Drone  
  15  19:47  Overseer  
  13  19:55  Drone  
  13  19:57  Overseer  
  12  20:02  Overseer  
Show
View Real Time Build Order
Export as new Build Order

A.I. 12 (Elite) Protoss - Winner!

Build Orders: 1 Gate Expand 

Get SALT Encoding   

  12  0:02  Probe (Chrono Boost)  
  13  0:12  Probe (Chrono Boost)  
  14  0:21  Pylon  
  14  0:23  Probe (Chrono Boost)  
  15  0:40  Probe (Chrono Boost)  
  16  0:50  Probe (Chrono Boost)  
  16  0:55  Gateway  
  16  0:56  Assimilator  
  17  1:01  Probe (Chrono Boost)  
  18  1:05  Pylon  
  18  1:11  Probe (Chrono Boost)  
  19  1:29  Nexus  
  19  1:32  Probe (Chrono Boost)  
  20  1:45  Cybernetics Core  
  21  1:47  Probe (Chrono Boost)  
  21  1:50  Zealot  
  23  2:08  Probe (Chrono Boost)  
  24  2:09  Gateway  
  24  2:19  Probe (Chrono Boost)  
  24  2:20  Pylon  
  24  2:21  Zealot  
  24  2:22  Warp Gate  
  28  2:30  Probe (Chrono Boost)  
  28  2:40  Assimilator  
  28  2:41  Probe (Chrono Boost)  
  28  2:42  Probe (Chrono Boost)  
  30  2:47  Adept  
  32  2:53  Adept  
  34  3:00  Probe (Chrono Boost)  
  35  3:07  Probe (Chrono Boost)  
  35  3:12  Adept  
  36  3:14  Pylon  
  36  3:16  Probe (Chrono Boost)  
  39  3:26  Probe (Chrono Boost)  
  40  3:29  Probe (Chrono Boost)  
  40  3:32  Adept  
  43  3:35  Gateway  
  43  3:38  Probe (Chrono Boost)  
  43  3:40  Probe (Chrono Boost)  
  45  3:46  Adept  
  47  3:50  Probe (Chrono Boost)  
  47  3:52  Probe (Chrono Boost)  
  49  3:57  Adept  
  49  4:01  Probe (Chrono Boost)  
  53  4:03  Probe (Chrono Boost)  
  52  4:12  Probe (Chrono Boost)  
  52  4:13  Adept  
  52  4:15  Probe (Chrono Boost)  
  54  4:23  Probe (Chrono Boost)  
  53  4:25  Pylon  
  53  4:26  Probe (Chrono Boost)  
  53  4:34  Slayer, Probe (Chrono Boost)  
  53  4:36  Adept  
  53  4:37  Probe (Chrono Boost)  
  57  4:48  Slayer  
  59  4:57  Probe (Chrono Boost)  
  59  4:59  Probe (Chrono Boost)  
  59  5:00  Adept  
  59  5:02  Adept  
  63  5:11  Sentry  
  63  5:14  Probe (Chrono Boost)  
  66  5:23  Adept  
  66  5:24  Slayer  
  70  5:30  Death Council  
  70  5:35  Assimilator  
  70  5:43  Assimilator  
  70  6:10  Forge  
  69  6:22  Ascendant Archives  
  69  6:28  Forge  
  67  6:51  Protoss Ground Weapons Level 1  
  67  6:58  Pylon  
  67  7:03  High Templar  
  67  7:05  Robotics Facility  
  69  7:19  Slayer  
  72  7:22  Probe (Chrono Boost)  
  72  7:29  Slayer, Probe (Chrono Boost)  
  75  7:34  Forge  
  75  7:39  High Templar  
  77  7:53  Observer  
  78  8:04  Probe (Chrono Boost)  
  65  8:07  Zealot  
  65  8:11  Slayer  
  59  8:13  Sentry  
  59  8:17  Probe (Chrono Boost)  
  62  8:27  Slayer  
  64  8:37  Zealot  
  64  8:40  Nexus  
  66  8:42  Sentry  
  66  8:44  Immortal  
  72  8:56  Archon  
  72  9:03  High Templar  
  72  9:06  Adept  
  76  9:12  Zealot  
  76  9:51  Adept  
  76  9:55  Probe (Chrono Boost)  
  76  9:57  Probe (Chrono Boost)  
  71  10:00  Sentry  
  71  10:05  Probe (Chrono Boost)  
  74  10:07  Slayer  
  74  10:11  Sentry  
  74  10:20  Probe (Chrono Boost)  
  73  10:24  Zealot  
  62  10:32  Immortal, Slayer  
  67  10:41  Adept  
  68  10:45  Assimilator  
  68  10:46  Probe (Chrono Boost)  
  68  10:48  Slayer  
  71  10:57  Probe (Chrono Boost)  
  71  11:03  Sentry  
  73  11:09  Probe (Chrono Boost)  
  73  11:12  Probe (Chrono Boost)  
  73  11:16  Probe (Chrono Boost)  
  75  11:22  Probe (Chrono Boost)  
  75  11:25  Slayer  
  77  11:32  Nexus  
  77  11:38  High Templar  
  79  11:49  Photon Cannon, Probe (Chrono Boost)  
  79  11:53  Probe (Chrono Boost)  
  81  12:00  Probe (Chrono Boost)  
  81  12:04  Probe (Chrono Boost)  
  81  12:05  Pylon  
  82  12:09  Probe (Chrono Boost)  
  82  12:13  Assimilator  
  82  12:14  Zealot  
  77  12:19  Probe (Chrono Boost)  
  74  12:23  Slayer  
  74  12:29  Slayer  
  78  12:35  Adept  
  78  12:39  Probe (Chrono Boost)  
  79  12:47  Zealot  
  79  12:50  Pylon, Immortal, Zealot  
  83  12:55  Nexus  
  83  12:57  Adept  
  89  13:06  Probe (Chrono Boost)  
  89  13:09  Slayer  
  92  13:14  Probe (Chrono Boost)  
  92  13:16  Zealot  
  95  13:20  Slayer  
  97  13:31  Probe (Chrono Boost)  
  97  13:34  Probe (Chrono Boost)  
  99  13:40  Probe (Chrono Boost)  
  100  13:43  Probe (Chrono Boost)  
  101  13:50  Probe (Chrono Boost)  
  101  13:52  Slayer, Robotics Facility  
  104  13:57  Probe (Chrono Boost)  
  105  14:05  Archon  
  105  14:07  Stargate  
  105  14:14  High Templar  
  107  14:18  Probe (Chrono Boost)  
  107  14:22  Zealot  
  110  14:25  Immortal  
  110  14:26  Zealot  
  116  14:33  Probe (Chrono Boost)  
  117  14:40  Assimilator  
  117  14:41  Probe (Chrono Boost)  
  118  14:51  Probe (Chrono Boost)  
  119  14:56  Probe (Chrono Boost)  
  120  15:04  Probe (Chrono Boost)  
  121  15:13  High Templar  
  123  15:22  Nexus  
  123  15:50  Archon  
  123  15:59  Photon Cannon  
  123  16:08  Assimilator  
  123  16:25  Robotics Facility  
  123  16:31  High Templar  
  123  16:35  Slayer  
  123  16:38  Sentry  
  127  16:57  Assimilator  
  127  16:59  Sentry  
  129  17:02  High Templar  
  131  17:14  Slayer  
  133  17:19  Slayer  
  135  17:30  Adept  
  135  17:33  Nexus  
  137  17:45  Slayer  
  137  17:49  Archon  
  139  17:53  Photon Cannon  
  139  18:11  Assimilator  
  139  18:47  Zealot  
  141  18:51  Zealot  
  141  18:54  Zealot  
  145  19:07  High Templar  
  147  19:11  High Templar  
  149  19:19  Assimilator, Zealot  
  151  19:36  Zealot  
  153  20:02  Charge  
  153  20:04  Protoss Ground Armor Level 1  
  153  20:09  Archon  
  153  20:10  Photon Cannon  
  153  20:13  Protoss Ground Weapons Level 2  
  153  20:17  Psionic Storm  
  149  20:22  Zealot  
  149  20:25  Slayer  
  153  20:36  Protoss Shields Level 1  
  153  20:41  Nexus  
  153  20:46  Zealot  
  153  20:49  Assimilator  
  153  21:11  Zealot  
  151  21:13  Zealot  
  151  21:18  Zealot  
  151  21:29  Slayer  
  153  21:53  Protoss Ground Armor Level 2  
  153  22:01  Adept  
  155  22:07  Adept  
  157  22:18  Adept  
  157  22:21  Sentry, Observer  
  159  22:24  Robotics Bay  
  160  22:32  Assimilator  
  160  22:42  Warp Prism  
  160  23:03  Blink  
  160  23:06  Colossus  
  160  23:10  Protoss Ground Weapons Level 3  
  160  23:11  Disruptor  
  160  23:13  Gravitic Boosters  
  160  23:15  Photon Cannon  
  160  23:17  Nexus  
  160  23:18  Protoss Shields Level 2  
  169  24:03  Pylon, Gravitic Drive  
  169  24:11  Pylon  
  169  24:21  Observer, Warp Prism  
  169  24:23  Colossus  
  178  24:36  Colossus  
  178  24:43  Photon Cannon  
  184  24:50  Colossus  
  184  24:55  Slayer  
  184  24:58  Adept  
  194  25:01  Sentry, Pylon  
  196  25:12  Disruptor  
Show
View Real Time Build Order
Export as new Build Order

A.I. 13 (Elite) Zerg 

Build Orders: Pool First 

Get SALT Encoding   

  12  0:02  Drone  
  13  0:12  Overlord  
  13  0:18  Drone  
  14  0:31  Drone  
  15  0:41  Spawning Pool  
  15  0:42  Drone  
  15  0:46  Drone  
  16  0:50  Drone  
  16  0:53  Extractor  
  16  0:56  Drone  
  17  1:06  Drone  
  18  1:17  Drone  
  19  1:29  Queen  
  19  1:32  Zergling x2  
  22  1:33  Roach Warren  
  22  1:39  Overlord  
  21  1:49  Drone  
  22  2:01  Overlord  
  22  2:13  Roach  
  24  2:22  Roach  
  26  2:32  Roach  
  26  2:36  Roach  
  30  2:38  Roach  
  30  2:40  Roach  
  34  2:44  Zergling x2  
  34  2:55  Zergling x2  
  35  3:06  Zergling x2  
  35  3:08  Overlord  
  35  3:10  Zergling x2, Metabolic Boost  
  37  3:26  Zergling x2  
  38  3:28  Zergling x2  
  38  3:29  Zergling x2  
  40  3:38  Extractor, Overlord  
  39  3:41  Lair  
  39  3:42  Drone  
  39  3:45  Drone  
  39  3:48  Drone  
  40  3:55  Drone  
  41  4:03  Drone  
  41  4:12  Drone  
  41  4:15  Drone  
  41  4:16  Drone  
  44  4:19  Drone  
  45  4:27  Drone  
  46  4:36  Overlord  
  46  4:44  Hydralisk Den  
  45  4:46  Drone  
  45  4:49  Infestation Pit  
  45  4:51  Drone  
  46  5:02  Hatchery  
  46  5:04  Drone  
  46  5:10  Roach  
  46  5:13  Hydralisk  
  48  5:16  Roach  
  48  5:18  Zergling x2  
  49  5:21  Zergling x2  
  49  5:23  Hydralisk  
  42  5:29  Infestor  
  44  5:43  Roach  
  44  5:46  Hydralisk  
  44  5:48  Zergling x2, Hydralisk  
  49  5:53  Roach  
  50  6:01  Overseer  
  50  6:04  Drone  
  51  6:16  Roach  
  51  6:18  Zergling x2  
  54  6:19  Drone  
  54  6:21  Roach  
  54  6:22  Zergling x2  
  58  6:27  Roach  
  58  6:30  Extractor, Overlord  
  59  6:36  Roach  
  59  6:38  Drone  
  62  6:49  Drone  
  62  6:51  Infestor  
  65  6:55  Drone  
  65  6:59  Drone  
  67  7:03  Drone  
  67  7:04  Overlord  
  67  7:08  Drone  
  69  7:11  Zergling x2  
  69  7:13  Drone  
  71  7:16  Extractor  
  71  7:19  Drone  
  71  7:24  Zergling x2  
  71  7:26  Zergling x2  
  71  7:28  Drone  
  74  7:31  Zergling x2  
  75  7:40  Overlord  
  75  7:45  Drone  
  75  7:46  Baneling Nest  
  75  7:50  Zergling x2  
  76  7:54  Drone  
  77  8:01  Roach  
  79  8:07  Roach  
  79  8:12  Roach  
  83  8:17  Drone  
  84  8:21  Overlord  
  84  8:26  Evolution Chamber, Roach  
  85  8:34  Hydralisk  
  85  8:39  Drone  
  85  8:40  Evolution Chamber  
  87  8:43  Drone  
  87  8:48  Infestor  
  90  8:55  Evolution Chamber  
  89  9:02  Hydralisk  
  91  9:06  Overlord  
  91  9:13  Drone  
  92  9:20  Infestor  
  94  9:26  Drone  
  94  9:30  Hydralisk  
  97  9:34  Overlord  
  97  9:40  Drone  
  98  9:47  Hydralisk  
  100  9:53  Drone  
  100  9:57  Hydralisk  
  103  10:03  Hydralisk  
  105  10:07  Hydralisk  
  105  10:13  Overlord  
  107  10:21  Drone  
  107  10:25  Drone  
  108  10:30  Hydralisk  
  110  10:36  Drone  
  111  10:43  Overlord  
  111  10:47  Drone  
  112  10:52  Drone  
  113  11:01  Drone  
  113  11:03  Spine Crawler  
  112  11:04  Overlord  
  112  11:08  Drone  
  112  11:12  Zergling x2, Spire  
  112  11:15  Drone  
  102  11:18  Drone  
  102  11:24  Zergling x2  
  86  11:28  Zergling x2  
  86  11:31  Drone  
  86  11:33  Roach  
  86  11:36  Zergling x2  
  89  11:40  Drone  
  89  11:42  Roach, Hatchery  
  89  11:46  Zergling x2  
  92  11:50  Roach  
  95  11:54  Drone  
  95  11:59  Drone  
  91  12:02  Roach  
  91  12:06  Roach  
  93  12:08  Hydralisk  
  93  12:13  Hydralisk  
  97  12:17  Roach  
  97  12:19  Hydralisk  
  97  12:22  Zergling x2  
  101  12:28  Zergling x2  
  102  12:30  Roach  
  102  12:33  Zergling x2  
  102  12:37  Roach  
  107  12:40  Zergling x2  
  108  12:45  Zergling x2  
  108  12:50  Zergling x2  
  108  12:53  Roach  
  110  12:59  Overseer  
  94  13:06  Roach  
  88  13:16  Roach  
  88  13:18  Extractor  
  89  13:24  Roach  
  91  13:30  Drone  
  92  13:36  Hydralisk  
  94  13:41  Hydralisk  
  94  13:47  Hydralisk  
  96  13:54  Roach  
  98  13:59  Queen  
  100  14:06  Drone  
  99  14:10  Roach  
  99  14:16  Roach  
  99  14:18  Hydralisk  
  99  14:24  Zergling x2  
  102  14:28  Zergling x2  
  94  14:32  Hydralisk  
  87  14:39  Hydralisk  
  87  14:43  Roach  
  77  14:46  Queen  
  77  14:51  Roach  
  81  14:54  Zergling x2  
  81  14:58  Roach  
  84  15:02  Hydralisk  
  84  15:06  Overlord  
  86  15:09  Zergling x2  
  86  15:12  Zergling x2  
  88  15:16  Roach  
  88  15:20  Roach  
  92  15:25  Hydralisk  
  85  15:30  Hydralisk  
  85  15:33  Corruptor  
  87  15:38  Corruptor  
  84  15:42  Corruptor  
  84  15:47  Queen  
  85  15:52  Hydralisk  
  79  15:58  Zergling x2  
  79  16:02  Zergling x2  
  81  16:05  Hydralisk  
  81  16:10  Roach  
  85  16:13  Hydralisk  
  85  16:16  Overseer  
  85  16:21  Hydralisk  
  85  16:25  Mutalisk  
  83  16:28  Mutalisk  
  87  16:33  Roach  
  87  16:35  Corruptor  
  91  16:40  Corruptor  
  91  16:43  Corruptor  
  95  16:50  Zergling x2  
  95  16:53  Roach  
  98  16:56  Zergling x2  
  98  16:59  Hydralisk  
  99  17:04  Hydralisk  
  99  17:09  Queen  
  99  17:14  Roach  
  103  17:17  Hydralisk  
  103  17:22  Roach  
  107  17:26  Corruptor  
  109  17:31  Corruptor  
  109  17:36  Zergling x2  
  112  17:41  Roach  
  113  17:45  Zergling x2  
  113  17:49  Hydralisk  
  108  17:53  Overlord  
  108  17:57  Hydralisk  
  110  18:01  Corruptor  
  112  18:06  Roach  
  112  18:09  Hydralisk  
  116  18:15  Mutalisk  
  116  18:19  Roach  
  120  18:21  Mutalisk  
  120  18:25  Corruptor  
  124  18:31  Corruptor  
  126  18:35  Zergling x2  
  126  18:40  Zergling x2  
  128  18:44  Roach  
  130  18:49  Hydralisk  
  132  19:02  Roach  
  134  19:09  Overlord  
  134  19:15  Hydralisk  
  136  19:21  Hydralisk  
  138  19:25  Roach  
  138  19:30  Zergling x2  
  141  19:32  Hive  
  141  19:34  Overlord  
  141  19:38  Zergling x2  
  142  19:40  Zergling x2  
  145  19:45  Roach  
  145  19:51  Roach  
  147  19:55  Zergling x2  
  147  20:00  Zergling x2  
  147  20:04  Overlord  
  148  20:09  Roach  
  150  20:15  Roach  
  151  20:22  Roach  
  151  20:26  Hydralisk  
  155  20:32  Roach  
  157  20:41  Roach  
  159  20:45  Overlord  
  159  20:50  Roach  
  159  20:52  Hydralisk  
  159  20:56  Hydralisk  
  165  21:01  Overseer  
  164  21:06  Overseer  
  91  21:19  Roach  
  91  21:23  Overlord  
  85  21:27  Zergling x2  
  85  21:29  Zergling x2  
  73  21:32  Roach, Hatchery  
  73  21:35  Roach  
  73  21:37  Hatchery  
  73  21:38  Roach  
  72  21:40  Hydralisk  
  72  21:43  Hydralisk  
  72  21:46  Hydralisk  
  63  21:55  Corruptor  
  57  22:08  Roach  
  49  22:14  Roach  
  47  22:16  Ultralisk Cavern, Hydralisk  
  47  22:20  Hydralisk  
  48  22:28  Hydralisk  
  49  22:32  Hydralisk  
  49  22:35  Mutalisk  
  51  22:37  Corruptor  
  51  22:41  Corruptor  
  39  22:47  Zergling x2  
  39  22:49  Zergling x2  
  35  22:51  Infestor  
  35  22:55  Spine Crawler  
  32  23:01  Drone  
  32  23:02  Unknown  
  32  23:03  Viper  
  19  23:20  Roach  
  19  23:22  Hydralisk  
  19  23:26  Extractor  
  20  23:32  Drone  
  6  23:46  Drone  
  7  23:57  Drone  
  8  24:04  Overlord  
  8  24:16  Drone  
  3  24:25  Drone  
  4  24:37  Drone  
Tags
 
Add a new tag
Caveats
  • Supply blocks, unpowered buildings, or Contaminate may cause inaccurate times.
  • Supply counts are checked every 10 seconds.